Workbook

Sheet Planilha Orçamentaria
A1: PREFEITURA MUNICIPAL DE ORIZÂNIA - ESTADO DE MINAS GERAIS CNPJ: 01.616.271/0001-39
A2: PLANILHA ORÇAMENTÁRIA DE CUSTOS
A3: PREFEITURA MUNICIPAL DE ORIZÂNIA - MG
A4: SERVIÇO: Fornecimento e aplicação de concreto usinado. | F4: DATA: 27/03/2024
A5: Endereço: Municipio de Orizânia/MG. | E5: ISS: | F5: 0.03 | G5: FORMA DE EXECUÇÃO:
A6: REGIÃO/MÊS DE REFERÊNCIA: SETOP MG 08/2023 - CPOS São Paulo 05/2023 - Orse Sergipe 05/2023 (Desonerado) | E6: ( ) | F6: DIRETA | G6: ( x ) | H6: INDIRETA
A7: PRAZO DE EXECUÇÃO: 365 dias | G7: BDI: | H7: 0.2864
A8: ITEM | B8: CODIGO | C8: DESCRIÇÃO | D8: UNIDADE | E8: QUANT. | F8: PREÇO UNITÁRIO S/ BDI | G8: PREÇO UNITÁRIO C/ BDI | H8: PREÇO UNITÁRIO LICITADO | I8: PREÇO TOTAL | J8: PREÇO LICITADO
A9: 1.0 | C9: SERVIÇOS PRELIMINARES | I9: =I10 -> 1700.79 | J9: =J10 -> 1190.55
A10: 1.1 | B10: ED-28427 | C10: FORNECIMENTO E COLOCAÇÃO DE PLACA DE OBRA EM CHAPA GALVANIZADA #26, ESP. 0,45MM, DIMENSÃO (3X1,5)M, PLOTADA COM ADESIVO VINÍLICO, AFIXADA COM REBITES 4,8X40MM, EM ESTRUTURA METÁLICA DE METALON 20X20MM, ESP. 1,25MM, INCLUSIVE SUPORTE EM EUCALIPTO AUTOCLAVADO PINTADO COM TINTA PVA DUAS (2) DEMÃOS | D10: Und | E10: 1 | F10: 1313.86 | G10: =F10*1.2945 -> 1700.79 | H10: =G10*0.7 -> 1190.55 | I10: =G10*E10 -> 1700.79 | J10: =I10*0.7 -> 1190.55
A11: 1 | I11: =I79+I80+I81+I82 -> 1570642.5 | J11: =J12+J13+J14+J15+J16+J17+J20+J21+J22+J18+J19 -> 1242.08
C12: ESTRUTURA (IÇAMENTO DE TRELIÇAS E TRAVESSAS) | J12: =H12*E12 -> 0
A13: 1.2 | B13: ED-50362 | C13: MAO DE OBRA DE SOLDADOR INDUSTRIAL, INCL USIVE ENCARGOS SOCIAIS DESONERADOS | D13: H | E13: 56 | F13: 18.25 | G13: =F13*1.286 -> 23.47 | H13: =G13*0.945 -> 22.18 | I13: =G13*E13 -> 1314.32 | J13: =H13*E13 -> 1242.08
A14: 1.3 | B14: ED-51133 | C14: MAO DE OBRA DE AJUDANTE DE SOLDADOR, INC LUSIVE ENCARGOS SOCIAIS DESONERADOS | D14: M³ | F14: 19.17 | G14: =F14*1.286 -> 24.65 | H14: =G14*0.945 -> 23.29 | I14: =G14*E14 -> 0 | J14: =H14*E14 -> 0
A15: 1.4 | B15: SETOP ED-48493 | C15: MAO DE OBRA DE MONTADOR A (MONTAGEM DE E STRUTURAS METALICAS), INCLUSIVE ENCARGOS SOCIAIS DESONERADOS | D15: M² | F15: 9.63 | G15: =F15*1.2868 -> 12.39 | H15: =G15*0.945 -> 11.71 | I15: =G15*E15 -> 0 | J15: =I15*0.7 -> 0
A16: 1.5 | B16: SETOP ED-48462 | C16: MAO DE OBRA DE ENCARREGADO DE MONTAGEM, INCLUSIVE ENCARGOS SOCIAIS DESONERADOS | D16: M² | F16: 14.45 | G16: =F16*1.2868 -> 18.59 | H16: =G16*0.945 -> 17.57 | I16: =G16*E16 -> 0 | J16: =I16*0.7 -> 0
A17: 1.6 | B17: SETOP ED-48514 | C17: REMOÇÃO DE TELHA CERÂMICA COLONIAL OU FRANCESA PARA REAPROVEITAMENTO, INCLUSIVE AFASTAMENTO E EMPILHAMENTO | D17: M² | F17: 16.06 | G17: =F17*1.2868 -> 20.67 | H17: =G17*0.945 -> 19.53 | I17: =G17*E17 -> 0 | J17: =I17*0.7 -> 0
A18: 1.7 | B18: SETOP ED-48457 | C18: DEMOLIÇÃO DE ENGRADAMENTO DE TELHA CERÂMICA PARA REAPROVEITAMENTO | D18: M² | F18: 19.68 | G18: =F18*1.2868 -> 25.32 | H18: =G18*0.945 -> 23.93 | I18: =G18*E18 -> 0 | J18: =I18*0.7 -> 0
A19: 1.8 | B19: SETOP ED-48438 | C19: REMOÇÃO DE CALHA GALVANIZADA OU PVC, INCLUSIVE AFASTAMENTO | D19: M | F19: 6.42 | G19: =F19*1.2868 -> 8.26 | H19: =G19*0.945 -> 7.81 | I19: =G19*E19 -> 0 | J19: =I19*0.7 -> 0
A20: 1.8 | B20: SETOP ED-48501 | C20: DEMOLIÇÃO DE REBOCO, COM ESPESSURA DE ATÉ 55MM, INCLUSIVE AFASTAMENTO | D20: M² | F20: 11.24 | G20: =F20*1.2868 -> 14.46 | H20: =G20*0.945 -> 13.66 | I20: =G20*E20 -> 0 | J20: =I20*0.7 -> 0
A21: 1.9 | B21: SETOP ED-48436 | C21: DEMOLIÇÃO DE ALVENARIA DE TIJOLO CERÂMICO SEM APROVEITAMENTO DO MATERIAL, INCLUSIVE AFASTAMENTO | D21: M³ | F21: 96.37 | G21: =F21*1.2868 -> 124.01 | H21: =G21*0.945 -> 117.19 | I21: =G21*E21 -> 0 | J21: =I21*0.7 -> 0
A22: 1.10 | B22: SETOP ED-48450 | C22: DEMOLIÇÃO DE DIVISÓRIA DE PEDRAS (MÁRMORE, GRANITO, ARDÓSIA, MARMORITE), INCLUSIVE AFASTAMENTO | D22: M² | F22: 37.1 | G22: =F22*1.2868 -> 47.74 | H22: =G22*0.945 -> 45.11 | I22: =G22*E22 -> 0 | J22: =I22*0.7 -> 0
A23: 2 | C23: MEIO FIO, SARJETAS E PASSEIOS | I23: =I24+I25+I26 -> 0 | J23: =J24+J25+J26 -> 0
A24: 2.1 | B24: RO-40624 | C24: Sarjeta de concreto em aterro, tipo DR.SCA-x/y. Largura = 80 cm tipo 50/30 (Execução, incluindo escavação, ornecimento e transporte de todos os materiais) | D24: M | F24: 75.49 | G24: =F24*1.286 -> 97.08 | H24: =G24*0.945 -> 91.74 | I24: =G24*E24 -> 0 | J24: =H24*E24 -> 0
A25: 2.2 | B25: RO-40638 | C25: Meio-fio de concreto, tipo DR.MF-01 (Execução, incluindo escavação, fornecimento e transporte de todos os materiais) | D25: M | F25: 48.94 | G25: =F25*1.286 -> 62.94 | H25: =G25*0.945 -> 59.48 | I25: =G25*E25 -> 0 | J25: =H25*E25 -> 0
A26: 2.3 | B26: ED-51145 | C26: PASSEIOS DE CONCRETO E = 6 CM, FCK = 10 MPA, JUNTA SECA | D26: M² | F26: 52.36 | G26: =F26*1.286 -> 67.33 | H26: =G26*0.945 -> 63.63 | I26: =G26*E26 -> 0 | J26: =H26*E26 -> 0
A27: 3 | C27: ALVENARIA | G27: =F27*1.2868 -> 0 | H27: =G27*0.945 -> 0 | I27: =I28+I29+I30+I32+I31 -> 0 | J27: =J28+J29+J30+J32+J31 -> 0
A28: 3.1 | B28: SETOP ED-48231 | C28: ALVENARIA DE VEDAÇÃO COM TIJOLO CERÂMICO FURADO, ESP. 9CM, PARA REVESTIMENTO, INCLUSIVE ARGAMASSA PARA ASSENTAMENTO | D28: m² | F28: 36.08 | G28: =F28*1.2868 -> 46.43 | H28: =G28*0.945 -> 43.88 | I28: =G28*E28 -> 0 | J28: =I28*0.7 -> 0
A29: 3.2 | B29: SETOP ED-50730 | C29: CHAPISCO COM ARGAMASSA, TRAÇO 1:2:3 (CIMENTO, AREIA E PEDRISCO), APLICADO COM COLHER, ESP. 5MM, PREPARO MECÂNICO | D29: m² | F29: 9.72 | G29: =F29*1.2868 -> 12.51 | H29: =G29*0.945 -> 11.82 | I29: =G29*E29 -> 0 | J29: =I29*0.7 -> 0
A30: 3.3 | B30: SETOP ED-50760 | C30: REBOCO COM ARGAMASSA, TRAÇO 1:2:9 (CIMENTO, CAL E AREIA), COM ADITIVO IMPERMEABILIZANTE, ESP. 20MM, APLICAÇÃO MANUAL, PREPARO MECÂNICO | D30: m³ | F30: 29.09 | G30: =F30*1.2868 -> 37.43 | H30: =G30*0.945 -> 35.37 | I30: =G30*E30 -> 0 | J30: =I30*0.7 -> 0
A31: 4.4 | B31: SETOP ED-50408 | C31: MURO DIVISÓRIO TIJOLO FURADO E = 10 CM, REBOCADO E PINTADO A LATEX H = 2,20 A 2,50 M, INCLUSIVE SAPATA DE CONCRETO ARMADO FCK = 15 MPA, 50 X 55 CM | D31: m | F31: 755.13 | G31: =F31*1.2868 -> 971.7 | H31: =G31*0.945 -> 918.26 | I31: =G31*E31 -> 0 | J31: =I31*0.7 -> 0
A32: 4.5 | B32: SETOP ED-50474 | C32: EMASSAMENTO EM PAREDE COM MASSA ACRÍLICA, DUAS (2) DEMÃOS, INCLUSIVE LIXAMENTO PARA PINTURA | D32: m³ | F32: 15.99 | G32: =F32*1.2868 -> 20.58 | H32: =G32*0.945 -> 19.45 | I32: =G32*E32 -> 0 | J32: =I32*0.7 -> 0
A33: 4 | C33: PISOS, REVESTIMENTOS E DIVISORIAS | G33: =F33*1.2868 -> 0 | H33: =G33*0.945 -> 0 | I33: =I34+I35+I36+I37+I38 -> -0.04 | J33: =J34+J35+J36+J37+J38 -> -0.03
A34: 4.1 | B34: SETOP ED-50735 | C34: CONTRAPISO DESEMPENADO COM ARGAMASSA, TRAÇO 1:3 (CIMENTO E AREIA), ESP. 50MM | D34: m² | F34: 42.79 | G34: =F34*1.2868 -> 55.06 | H34: =G34*0.945 -> 52.03 | I34: =G34*E34 -> 0 | J34: =I34*0.7 -> 0
A35: 4.2 | B35: SETOP ED-50542 | C35: REVESTIMENTO COM CERÂMICA APLICADO EM PISO, ACABAMENTO ESMALTADO, AMBIENTE INTERNO, PADRÃO EXTRA, DIMENSÃO DA PEÇA ATÉ 2025 CM2, PEI V, ASSENTAMENTO COM ARGAMASSA INDUSTRIALIZADA, INCLUSIVE REJUNTAMENTO | D35: m² | F35: 72.23 | G35: =F35*1.2868 -> 92.95 | H35: =G35*0.945 -> 87.84 | I35: =G35*E35 -> 0 | J35: =I35*0.7 -> 0
A36: 4.3 | B36: SETOP ED-9081 | C36: REVESTIMENTO COM CERÂMICA APLICADO EM PAREDE, ACABAMENTO ESMALTADO, AMBIENTE INTERNO/EXTERNO, PADRÃO EXTRA, DIMENSÃO DA PEÇA ATÉ 2025 CM2, PEI III, ASSENTAMENTO COM ARGAMASSA INDUSTRIALIZADA, INCLUSIVE REJUNTAMENTO | D36: m² | F36: 56.8 | G36: =F36*1.2868 -> 73.09 | H36: =G36*0.945 -> 69.07 | I36: =G36*E36-0.04 -> -0.04 | J36: =I36*0.7 -> -0.03
A37: 4.4 | B37: SETOP ED-51002 | C37: SOLEIRA DE GRANITO CINZA ANDORINHA E = 2 CM | D37: m² | F37: 245.64 | G37: =F37*1.2868 -> 316.09 | H37: =G37*0.945 -> 298.71 | I37: =G37*E37 -> 0 | J37: =I37*0.7 -> 0
A38: 4.5 | B38: SETOP ED-48533 | C38: DIVISÓRIA EM GRANITO CINZA ANDORINHA E = 3 CM, INCLUSIVE FERRAGENS EM LATÃO CROMADO | D38: m³ | F38: 541.04 | G38: =F38*1.2868 -> 696.21 | H38: =G38*0.945 -> 657.92 | I38: =G38*E38 -> 0 | J38: =I38*0.7 -> 0
A39: 5 | C39: ESQUADRIAS | G39: =F39*1.2868 -> 0 | H39: =G39*0.945 -> 0 | I39: =I40+I42+I46+I41+I43+I44+I45 -> 0 | J39: =J40+J41+J42+J46+J43+J44+J45 -> 0
A40: 5.1 | B40: SETOP ED-49605 | C40: PORTA EM MADEIRA DE LEI ESPECIAL COMPLETA 80 X 210 CM | D40: Und | F40: 711.67 | G40: =F40*1.2868 -> 915.78 | H40: =G40*0.945 -> 865.41 | I40: =G40*E40 -> 0 | J40: =I40*0.7 -> 0
A41: 5.2 | B41: SETOP ED-49591 | C41: MARCO EM MADEIRA DE LEI PARA PINTURA, L = 14 CM, 80 X 210 CM | D41: Und | F41: 170.69 | G41: =F41*1.2868 -> 219.64 | H41: =G41*0.945 -> 207.56 | I41: =G41*E41 -> 0 | J41: =I41*0.7 -> 0
A42: 5.3 | B42: SETOP ED-7576 | C42: FORNECIMENTO E ASSENTAMENTO DE PORTA EM ALUMÍNIO, TIPO VENEZIANA, DE ABRIR, ACABAMENTO ANODIZADO NATURAL, INCLUSIVE FECHADURA E MARCO | D42: M² | F42: 521.95 | G42: =F42*1.2868 -> 671.65 | H42: =G42*0.945 -> 634.71 | I42: =G42*E42 -> 0 | J42: =I42*0.7 -> 0
A43: 5.4 | B43: SETOP ED-50986 | C43: PORTÃO EM TUBO GALVANIZADO 2 1/2" COM TELA FIO 12 # 1/2" | D43: M³ | F43: 355.92 | G43: =F43*1.2868 -> 458 | H43: =G43*0.945 -> 432.81 | I43: =G43*E43 -> 0 | J43: =I43*0.7 -> 0
A44: 5.5 | B44: SETOP ED-50896 | C44: GF2 - (340 X 165 CM ) GRADE FIXA PARA PROTEÇÃO DE JANELAS, EM BARRA DE FERRO QUADRADO DE 1/2" E QUADRO DE FERRO CHATO DE 1/2"X 1/8", COLOCADA | D44: Und | F44: 1422.02 | G44: =F44*1.2868 -> 1829.86 | H44: =G44*0.945 -> 1729.22 | I44: =G44*E44 -> 0 | J44: =I44*0.7 -> 0
A45: 5.6 | B45: SETOP ED-50798 | C45: JANELA BASCULANTE METÁLICA EM QUADRO CANTONEIRA 3/4"X 3/4" X 1/8" COM TELA MOSQUITEIRO - PADRÃO SEDS | D45: M² | F45: 483.07 | G45: =F45*1.2868 -> 621.61 | H45: =G45*0.945 -> 587.42 | I45: =G45*E45 -> 0 | J45: =I45*0.7 -> 0
A46: 5.4 | B46: SETOP ED-51160 | C46: VIDRO TEMPERADO INCOLOR, ESP. 10MM, INCLUSIVE FIXAÇÃO E VEDAÇÃO COM GUARNIÇÃO/GAXETA DE BORRACHA NEOPRENE, FORNECIMENTO E INSTALAÇÃO, EXCLUSIVE CAIXILHO/PERFIL | D46: M² | F46: 232.18 | G46: =F46*1.2868 -> 298.77 | H46: =G46*0.945 -> 282.34 | I46: =G46*E46 -> 0 | J46: =I46*0.7 -> 0
A47: 6 | C47: HIDRAULICA E DRENAGEM | G47: =F47*1.2868 -> 0 | H47: =G47*0.945 -> 0 | I47: =I48+I49+I55+I50+I51+I52+I53+I54 -> 0 | J47: =J48+J49+J55+J50+J51+J52+J53+J54 -> 0
A48: 6.1 | B48: SETOP ED-50222 | C48: PONTO DE EMBUTIR PARA ÁGUA FRIA EM TUBO PVC RÍGIDO ROSCÁVEL, DN 1/2" (20MM), EMBUTIDO NA ALVENARIA COM ISTÂNCIA DE ATÉ CINCO (5) METROS DA TOMADA DE ÁGUA, INCLUSIVE CONEXÕES E FIXAÇÃO DO TUBO COM ENCHIMENTO DO RASGO NA ALVENARIA/CONCRETO COM ARGAMASSA | D48: Und | F48: 106.5 | G48: =F48*1.2868 -> 137.04 | H48: =G48*0.945 -> 129.5 | I48: =G48*E48 -> 0 | J48: =I48*0.7 -> 0
A49: 6.2 | B49: SETOP ED-50224 | C49: PONTO DE EMBUTIR PARA ESGOTO EM TUBO PVC RÍGIDO, PBV - SÉRIE NORMAL, DN 50MM (2"), EMBUTIDO EM PISO COM DISTÂNCIA DE ATÉ CINCO (5) METROS DA RAMAL DE ESGOTO,EXCLUSIVE ESCAVAÇÃO, INCLUSIVE CONEXÕES E FIXAÇÃO DO TUBO COM ENCHIMENTO DO RASGO NO CONCRETO COM ARGAMASSA | D49: Und | F49: 185.3 | G49: =F49*1.2868 -> 238.44 | H49: =G49*0.945 -> 225.33 | I49: =G49*E49 -> 0 | J49: =I49*0.7 -> 0
A50: 6.3 | B50: SETOP ED-50018 | C50: FORNECIMENTO E ASSENTAMENTO DE TUBO PVC RÍGIDO SOLDÁVEL, ÁGUA FRIA, DN 20 MM (1/2"), INCLUSIVE CONEXÕES | D50: m | F50: 16.17 | G50: =F50*1.2868 -> 20.81 | H50: =G50*0.945 -> 19.67 | I50: =G50*E50 -> 0 | J50: =I50*0.7 -> 0
A51: 6.4 | B51: SETOP ED-50022 | C51: FORNECIMENTO E ASSENTAMENTO DE TUBO PVC RÍGIDO SOLDÁVEL, ÁGUA FRIA, DN 50 MM (1.1/2"), INCLUSIVE CONEXÕES | D51: m | F51: 34.18 | G51: =F51*1.2868 -> 43.98 | H51: =G51*0.945 -> 41.56 | I51: =G51*E51 -> 0 | J51: =I51*0.7 -> 0
A52: 6.5 | B52: SETOP ED-49936 | C52: CAIXA D´ÁGUA DE POLIETILENO, CAPACIDADE DE 1.000L, INCLUSIVE TAMPA, TORNEIRA DE BOIA, EXTRAVASOR, TUBO DE LIMPEZA E ACESSÓRIOS, EXCLUSIVE TUBULAÇÃO DE ENTRADA/SAÍDA DE ÁGUA | D52: Und | F52: 596.92 | G52: =F52*1.2868 -> 768.12 | H52: =G52*0.945 -> 725.87 | I52: =G52*E52 -> 0 | J52: =I52*0.7 -> 0
A53: 6.6 | B53: SETOP ED-48549 | C53: BOCA DE LOBO SIMPLES (TIPO A - FERRO FUNDIDO), QUADRO, GRELHA E CANTONEIRA, INCLUSIVE ESCAVAÇÃO, REATERRO E BOTA-FORA | D53: Und | F53: 2155.16 | G53: =F53*1.2868 -> 2773.26 | H53: =G53*0.945 -> 2620.73 | I53: =G53*E53 -> 0 | J53: =I53*0.7 -> 0
A54: 6.7 | B54: SETOP ED-50812 | C54: GRELHA METÁLICA 20 X 20 CM - PADRÃO SEDS | D54: Und | F54: 64.19 | G54: =F54*1.2868 -> 82.6 | H54: =G54*0.945 -> 78.06 | I54: =G54*E54 -> 0 | J54: =I54*0.7 -> 0
A55: 6.6 | B55: SETOP ED-48551 | C55: PONTO DE EMBUTIR PARA ESGOTO EM TUBO PVC RÍGIDO, PBV - SÉRIE NORMAL, DN 100MM (4"), EMBUTIDO EM PISO COM DISTÂNCIA DE ATÉ CINCO (5) METROS DA RAMAL DE ESGOTO, INCLUSIVE CONEXÕES E FIXAÇÃO DO TUBO COM ENCHIMENTO DO RASGO NO CONCRETO COM ARGAMASSA | D55: Und | F55: 260.6 | G55: =F55*1.2868 -> 335.34 | H55: =G55*0.945 -> 316.9 | I55: =G55*E55 -> 0 | J55: =I55*0.7 -> 0
A56: 7 | C56: ELETRICA | G56: =F56*1.2868 -> 0 | H56: =G56*0.945 -> 0 | I56: =I57+I58+I59+I63+I60+I61+I62 -> 0 | J56: =J57+J58+J59+J60+J61+J63+J62 -> 0
A57: 7.1 | B57: SETOP ED-50227 | C57: PONTO DE EMBUTIR PARA UM (1) INTERRUPTOR SIMPLES (10A-250V), COM PLACA 4"X2" DE UM (1) POSTO, COM ELETRODUTO FLEXÍVEL CORRUGADO, ANTI-CHAMA, DN 25MM 4"), EMBUTIDO NA ALVENARIA E CABO DE COBRE FLEXÍVEL, CLASSE 5, ISOLAMENTO TIPO LSHF/ATOX, NÃO HALOGENADO, SEÇÃO 1,5MM2 (70°C 450/750V), COM DISTÂNCIA DE ATÉ DEZ (10) METROS DO PONTO DE DERIVAÇÃO, INCLUSIVE CAIXA DE LIGAÇÃO, SUPORTE E FIXAÇÃO DO ELETRODUTO COM ENCHIMENTO DO RASGO NA ALVENARIA/CONCRETO COM ARGAMASSA | D57: Und | F57: 195.81 | G57: =F57*1.2868 -> 251.97 | H57: =G57*0.945 -> 238.11 | I57: =G57*E57 -> 0 | J57: =I57*0.7 -> 0
A58: 7.2 | B58: SETOP ED-50228 | C58: PONTO DE EMBUTIR PARA UMA (1) LUMINÁRIA,COM ELETRODUTO DE PVC RÍGIDO ROSCÁVEL, DN 20MM (3/4"), EMBUTIDO NA LAJE E CABO DE COBRE FLEXÍVEL, CLASSE 5, ISOLAMENTO TIPO LSHF/ATOX, NÃO HALOGENADO, SEÇÃO 1,5MM2 (70°C-450/750V), COM DISTÂNCIA DE ATÉ CINCO (5) METROS DO PONTO DE DERIVAÇÃO, EXCLUSIVE LUMINÁRIA, INCLUSIVE CAIXA DE LIGAÇÃO OCTOGONAL, SUPORTE E FIXAÇÃO DO ELETRODUTO | D58: Und | F58: 100.05 | G58: =F58*1.2868 -> 128.74 | H58: =G58*0.945 -> 121.66 | I58: =G58*E58 -> 0 | J58: =I58*0.7 -> 0
A59: 7.3 | B59: SETOP ED-49391 | C59: LUMINÁRIA COMERCIAL LED COMPLETA, PARA UMA (1) LÂMPADA TUBULAR FLUORESCENTE 1X32W-ØT8, FORNECIMENTO E INSTALAÇÃO, INCLUSIVE BASE, REATOR E LÂMPADA | D59: Und | F59: 114.95 | G59: =F59*1.2868 -> 147.92 | H59: =G59*0.945 -> 139.78 | I59: =G59*E59 -> 0 | J59: =I59*0.7 -> 0
A60: 7.3 | B60: SETOP ED-4953 | C60: TOMADA SIMPLES - 2P + T - 20A COM PLACA | D60: Und | F60: 22.62 | G60: =F60*1.2868 -> 29.11 | H60: =G60*0.945 -> 27.51 | I60: =G60*E60 -> 0 | J60: =I60*0.7 -> 0
A61: 7.4 | B61: SETOP ED-49408 | C61: CONJUNTO DE UM (1) INTERRUPTOR BIPOLAR SIMPLES, CORRENTE 10A, TENSÃO 250V, (10A-250V) E UM (1) INTERRUPTOR PARALELO, CORRENTE 10A, TENSÃO 250V, (10A-250V), COM PLACA 4"X2" DE DOIS (2) POSTOS, INCLUSIVE FORNECIMENTO, INSTALAÇÃO, SUPORTE, MÓDULO E PLACA | D61: Und | F61: 40.88 | G61: =F61*1.2868 -> 52.6 | H61: =G61*0.945 -> 49.71 | I61: =G61*E61 -> 0 | J61: =I61*0.7 -> 0
A62: 7.6 | B62: SETOP ED-15745 | C62: LUMINÁRIA REFLETORA PARA ILUMINAÇÃO PÚBLICA COM LÂMPADA VAPOR DE MERCÚRIO, 2 REFLETORES DE 250W | D62: UND | F62: 1669.92 | G62: =F62*1.2868 -> 2148.85 | H62: =G62*0.945 -> 2030.66 | I62: =G62*E62 -> 0 | J62: =I62*0.7 -> 0
A63: 7.5 | B63: SETOP ED-17905 | C63: PONTO DE EMBUTIR PARA UMA (1) TOMADA PADRÃO, TRÊS (3) POLOS (2P+T/10A-250V), COM PLACA 4"X2" DE UM (1) POSTO, COM ELETRODUTO DE PVC RÍGIDO ROSCÁVEL, DN 20MM (3/4"), EMBUTIDO NO PISO E CABO DE COBRE FLEXÍVEL, CLASSE 5, ISOLAMENTO TIPO LSHF/ATOX, NÃO HALOGENADO, SEÇÃO 2,5MM2 (70°C-450/750V), COM DISTÂNCIA DE ATÉ DEZ (10) METROS DO PONTO DE DERIVAÇÃO, INCLUSIVE CAIXA DE LIGAÇÃO, SUPORTE E FIXAÇÃO DO ELETRODUTO COM ENCHIMENTO DO RASGO NA ALVENARIA/CONCRETO COM ARGAMASSA | D63: Und | F63: 299.76 | G63: =F63*1.2868 -> 385.73 | H63: =G63*0.945 -> 364.51 | I63: =G63*E63 -> 0 | J63: =I63*0.7 -> 0
A64: 8 | C64: PINTURA | G64: =F64*1.2868 -> 0 | H64: =G64*0.945 -> 0 | I64: =I65+I66+I67+I73+I68+I69+I70+I72+I71 -> 0 | J64: =J65+J66+J67+J68+J69+J70+J73+J72+J71 -> 0
A65: 8.1 | B65: SETOP ED-50507 | C65: LIXAMENTO MANUAL EM SUPERFÍCIE DE MADEIRA PARA REMOÇÃO DE TINTA | D65: M² | F65: 3.31 | G65: =F65*1.2868 -> 4.26 | H65: =G65*0.945 -> 4.03 | I65: =G65*E65 -> 0 | J65: =I65*0.7 -> 0
A66: 8.2 | B66: SETOP ED-50493 | C66: PINTURA ESMALTE EM ESQUADRIA DE MADEIRA, DUAS (2) DEMÃOS, INCLUSIVE UMA (1) DEMÃO DE FUNDO NIVELADOR, EXCLUSIVE MASSA A ÓLEO | D66: m² | F66: 18.04 | G66: =F66*1.2868 -> 23.21 | H66: =G66*0.945 -> 21.93 | I66: =G66*E66 -> 0 | J66: =I66*0.7 -> 0
A67: 8.3 | B67: SETOP ED-50505 | C67: LIXAMENTO MANUAL EM PAREDE PARA REMOÇÃO DE TINTA | D67: m² | F67: 2.19 | G67: =F67*1.2868 -> 2.82 | H67: =G67*0.945 -> 2.66 | I67: =G67*E67 -> 0 | J67: =I67*0.7 -> 0
A68: 8.4 | B68: SETOP ED-50506 | C68: LIXAMENTO MANUAL EM TETO PARA REMOÇÃO DE TINTA | D68: m² | F68: 2.47 | G68: =F68*1.2868 -> 3.18 | H68: =G68*0.945 -> 3.01 | I68: =G68*E68 -> 0 | J68: =I68*0.7 -> 0
A69: 8.5 | B69: SETOP ED-50454 | C69: PINTURA ACRÍLICA EM TETO, TRÊS (3) DEMÃOS, EXCLUSIVE SELADOR ACRÍLICO E MASSA ACRÍLICA/CORRIDA (PVA) | D69: m² | F69: 16.5 | G69: =F69*1.2868 -> 21.23 | H69: =G69*0.945 -> 20.06 | I69: =G69*E69 -> 0 | J69: =I69*0.7 -> 0
A70: 8.6 | B70: SETOP ED-50466 | C70: PINTURA ESMALTE PREMIUM EM PAREDE/SUPERFÍCIE DE CONCRETO/ALVENARIA, TRÊS (3) DEMÃOS, EXCLUSIVE SELADOR ACRÍLICO E MASSA ACRÍLICA/CORRIDA (PVA) | D70: m² | F70: 22.48 | G70: =F70*1.2868 -> 28.93 | H70: =G70*0.945 -> 27.34 | I70: =G70*E70 -> 0 | J70: =I70*0.7 -> 0
A71: 8.7 | B71: SETOP ED-50530 | C71: PINTURA COM VERNIZ POLIURETANO COM FILTRO SOLAR EM MADEIRA, DUAS (2) DEMÃOS, ACABAMENTO TIPO FOSCO | D71: m² | F71: 22.61 | G71: =F71*1.2868 -> 29.09 | H71: =G71*0.945 -> 27.49 | I71: =G71*E71 -> 0 | J71: =I71*0.7 -> 0
A72: 8.8 | B72: SETOP ED-50511 | C72: PINTURA COM TINTA CERÂMICA EM TELHAS COLONIAL, DUAS (2) DEMÃOS | D72: =D70 -> m² | F72: 49.97 | G72: =F72*1.2868 -> 64.3 | H72: =G72*0.945 -> 60.76 | I72: =G72*E72 -> 0 | J72: =I72*0.7 -> 0
A73: 8.7 | B73: SETOP ED-50453 | C73: PINTURA ACRÍLICA EM PAREDE, TRÊS (3) DEMÃOS, EXCLUSIVE SELADOR ACRÍLICO E MASSA ACRÍLICA/CORRIDA (PVA) | D73: m² | F73: 14.74 | G73: =F73*1.2868 -> 18.97 | H73: =G73*0.945 -> 17.93 | I73: =G73*E73 -> 0 | J73: =I73*0.7 -> 0
A74: 9 | C74: COBERTURA E FORROS | G74: =F74*1.2868 -> 0 | H74: =G74*0.945 -> 0 | I74: =I75+I77+I76+I78+I79+I80+I81+I82+I83 -> 1570642.5 | J74: =J75+J76+J77+J78+J79+J80+J81+J82+J83 -> 1099449.8
A75: 9.1 | B75: SETOP ED-49688 | C75: FORRO EM PVC BRANCO DE L = 20 CM | D75: m² | F75: 41 | G75: =F75*1.2868 -> 52.76 | H75: =G75*0.945 -> 49.86 | I75: =G75*E75 -> 0 | J75: =I75*0.7 -> 0
A76: 9.2 | B76: SETOP ED-49689 | C76: RODAFORRO | D76: m | F76: 8.5 | G76: =F76*1.2868 -> 10.94 | H76: =G76*0.945 -> 10.34 | I76: =G76*E76 -> 0 | J76: =I76*0.7 -> 0
A77: 9.3 | B77: SETOP ED-48421 | C77: COBERTURA EM TELHA CERÂMICA COLONIAL CURVA | D77: m² | F77: 73.75 | G77: =F77*1.2868 -> 94.9 | H77: =G77*0.945 -> 89.68 | I77: =G77*E77 -> 0 | J77: =I77*0.7 -> 0
A78: 9.4 | B78: SETOP ED-48400 | C78: CUMEEIRA PARA TELHA CERÂMICA, INCLUSIVE ASSENTAMENTO EM ARGAMASSA, TRAÇO 1:2:9 (CIMENTO, CAL E AREIA), PREPARO MECÂNICO (Telhado e Muros) | D78: m | F78: 24.64 | G78: =F78*1.2868 -> 31.71 | H78: =G78*0.945 -> 29.97 | I78: =G78*E78 -> 0 | J78: =I78*0.7 -> 0
A79: 1.1 | B79: =Composições!C3 -> ED-9054 | C79: =Composições!C4 -> FORNECIMENTO DE CONCRETO ESTRUTURAL, USINADO BOMBEADO, AUTO-ADENSÁVEL, COM FCK 30MPA, INCLUSIVE LANÇAMENTO E ACABAMENTO | D79: =Composições!C9 -> m³ | E79: 1000 | F79: =Composições!C11 -> 783,63 | G79: =F79*1.2864 -> 1008.06 | H79: =G79*0.945 -> 952.62 | I79: =G79*E79 -> 1008060 | J79: =I79*0.7 -> 705642
A80: 1.2 | B80: =Composições!C18 -> 54.08.010 | C80: =Composições!C19 -> Fibra em polipropileno (macrofibra), resistência residual 4,3+-0,3 Mpa | D80: =Composições!C23 -> KG | E80: =E79/2 -> 500 | F80: =Composições!C25 -> 49,59 | G80: =F80*1.2864 -> 63.79 | H80: =G80*0.945 -> 60.28 | I80: =G80*E80 -> 31895 | J80: =I80*0.7 -> 22326.5
A81: 1.3 | B81: Orse - 8411 | C81: =Composições!C32 -> Polimento de piso cimentado - R1 | D81: =Composições!C36 -> m² | E81: =E79/0.08 -> 12500 | F81: =Composições!C38 -> 28,00 | G81: =F81*1.2864 -> 36.02 | H81: =G81*0.945 -> 34.04 | I81: =G81*E81 -> 450250 | J81: =I81*0.7 -> 315175
A82: 1.4 | B82: =Composições!C43 -> 11.20.050 | C82: =Composições!C44 -> Corte de junta de dilatação, com serra de disco diamantado para pisos | D82: =Composições!C48 -> M | E82: =E81/4 -> 3125 | F82: =Composições!C50 -> 20,01 | G82: =F82*1.2864 -> 25.74 | H82: =G82*0.945 -> 24.32 | I82: =G82*E82 -> 80437.5 | J82: =I82*0.7 -> 56306.25
J83: =I83*0.7 -> 0
F84: TOTAL GERAL | I84: =I82+I81+I80+I79 -> 1570642.5 | J84: =J85+J86+J87+J88+J89+J90+J91+J93+J94+J95+J96+J97+J98+J102+J101+J99+J100+J92 -> #REF!
A85: ORIZÂNIA/MG, 07 DE ABRIL DE 2023. | J85: =#REF!*0.7 -> #REF!
J86: =#REF!*0.7 -> #REF!
J87: =#REF!*0.7 -> #REF!
J88: =#REF!*0.7 -> #REF!
J89: =#REF!*0.7 -> #REF!
J90: =#REF!*0.7 -> #REF!
J91: =#REF!*0.7 -> #REF!
J92: =#REF!*0.7 -> #REF!
J93: =#REF!*0.7 -> #REF!
J94: =#REF!*0.7 -> #REF!
J95: =#REF!*0.7 -> #REF!
J96: =#REF!*0.7 -> #REF!
J97: =I84*0.7 -> 1099449.8
J98: =I85*0.7 -> 0 | L98: |
J99: =I86*0.7 -> 0
J100: =I87*0.7 -> 0
...

Sheet Composições
A1: PREFEITURA MUNICIPAL DE ORIZÂNIA - ESTADO DE MINAS GERAIS CNPJ: 01.616.271/0001-39
A2: Composição - ED-9054
A3: Código | C3: ED-9054
A4: Descrição | C4: FORNECIMENTO DE CONCRETO ESTRUTURAL, USINADO BOMBEADO, AUTO-ADENSÁVEL, COM FCK 30MPA, INCLUSIVE LANÇAMENTO E ACABAMENTO
A5: Data | C5: 08/2023
A6: Estado | C6: Minas Gerais
A7: Região | C7: Central
A8: Tipo
A9: Unidade | C9: m³
A11: Valor com Desoneração | C11: 783,63
B12: codigo | C12: Descrição | D12: Tipo | E12: Unidade | F12: Valor sem Desoneração | G12: Valor com Desoneração | H12: Coeficiente | I12: Valor sem Desoneração | J12: Valor com Desoneração
A13: C | B13: MATED-11301 | C13: CONCRETO DOSADO EM CENTRAL AUTO-ADENSÁVEL (RESISTÊNCIA: 30,0MPA| BRITA: 0|SLUMP FLOW: 660- 750MM|CLASSE: CLASSE SF2) | D13: Material | E13: m³ | F13: 679,2 | G13: 679,2 | H13: 1,05 | I13: 713,16 | J13: 713,16
A14: C | B14: MATED-12059 | C14: TAXA DE BOMBEAMENTO DE CONCRETO | D14: Material | E14: m³ | F14: 57,38 | G14: 57,38 | H14: 1,0 | I14: 57,38 | J14: 57,38
A15: C | B15: ED-9058 | C15: APLICAÇÃO DE CONCRETO AUTO-ADENSÁVEL EM ESTRUTURA, INCLUSIVE ESPALHAMENTO, ADENSAMENTO E ACABAMENTO | E15: m³ | F15: 14,65 | G15: 13,09 | H15: 1,0 | I15: 14,65 | J15: 13,09
A17: Composição CPOS-CDHU - 54.08.010
A18: Código | C18: 54.08.010
A19: Descrição | C19: Fibra em polipropileno (macrofibra), resistência residual 4,3+-0,3 Mpa
A20: Data | C20: 05/2023
A21: Estado | C21: São Paulo
A22: Tipo
A23: Unidade | C23: KG
A25: Valor com Desoneração | C25: 49,59
B26: codigo | C26: Descrição | D26: Tipo | E26: Unidade | F26: Valor sem Desoneração | G26: Valor com Desoneração | H26: Coeficiente | I26: Valor sem Desoneração | J26: Valor com Desoneração
A27: I | B27: B.01.000.010146 | C27: Servente | D27: Mão de Obra | E27: H | F27: 20,36 | G27: 17,64 | H27: 0,9756 | I27: 19,86 | J27: 17,20
A28: I | B28: R.03.000.028049 | C28: Macrofibra estrutural polipropileno, resistência à tração >= 500MPa, E>=5 Gpa, título até 5dtex, tenacidade mín. 5cN/dtex, deformação até 5cN/dtex e até 40%, perda massa por alcalinidade < 5%; ref. Politex Neomatex ou equivalente | D28: Material | E28: KG | F28: 32,38 | G28: 32,38 | H28: 1,0 | I28: 32,38 | J28: 32,38
A30: Composição ORSE - 8411
A31: Código | C31: 8411
A32: Descrição | C32: Polimento de piso cimentado - R1
A33: Data | C33: 05/2023
A34: Estado | C34: Sergipe
A35: Tipo | C35: Pisos : Cimentados, em Concreto Simples, tipo Tech-Stone e de Alta Resistência
A36: Unidade | C36: m²
A38: Valor com Desoneração | C38: 28,00
B39: codigo | C39: Descrição | D39: Tipo | E39: Unidade | F39: Valor sem Desoneração | G39: Valor com Desoneração | H39: Coeficiente | I39: Valor sem Desoneração | J39: Valor com Desoneração
A40: I | B40: 8704 | C40: Polimento de piso m2 | D40: Serviços | E40: m² | F40: 28,00 | G40: 28,00 | H40: 1,0 | I40: 28,00 | J40: 28,00
A42: Composição CPOS-CDHU - 11.20.050
A43: Código | C43: 11.20.050
A44: Descrição | C44: Corte de junta de dilatação, com serra de disco diamantado para pisos
A45: Data | C45: 05/2023
A46: Estado | C46: São Paulo
A47: Tipo | C47: Reparos, conservações e complementos - GRUPO 11
A48: Unidade | C48: M
A50: Valor com Desoneração | C50: 20,01
B51: codigo | C51: Descrição | D51: Tipo | E51: Unidade | F51: Valor sem Desoneração | G51: Valor com Desoneração | H51: Coeficiente | I51: Valor sem Desoneração | J51: Valor com Desoneração
A52: I | B52: C.01.000.092024 | C52: Corte de junta dilatação com serra disco diamantado na largura de 3 mm, profundidade de 3 cm, para piso de concreto ou alta resistência 3,0 mm x 3,0 cm | D52: Material | E52: M | F52: 20,01 | G52: 20,01 | H52: 1,0 | I52: 20,01 | J52: 20,01
A55: Orizânia/MG, 27 de março de 2024.

Sheet BDI
A1: PREFEITURA MUNICIPAL DE ORIZÂNIA - ESTADO DE MINAS GERAIS CNPJ: 01.616.271/0001-39
A16: DEMONSTRATIVO DO BDI - COM DESONERAÇÃO - OBRA RODOVIÁRIA
A18: BDI (CONFORME ACÓRDÃO Nº 2622/13 e LEI Nº 13.161 DE 31/08/15)
A19: DISCRIMINAÇÃO DAS PARCELAS | B19: SIG. (1) | C19: CONSTRUÇÃO DE RODOVIAS E FERROVIAS | J19: INC. (6)
C20: ISS (2) | G20: DIFERENCIADO
C21: 0.02 | D21: 0.03 | E21: 0.04 | F21: 0.05 | G21: MATERIAL (5) | H21: SERVIÇO TERCEIRIZADO (4) (ISS=5%) | I21: EQUIPAMENTO (3) (ISS=5%)
A22: CUSTO DIRETO | B22: CD | C22: 1 | D22: 1 | E22: 1 | F22: 1 | G22: 1 | H22: 1 | I22: 1
A23: ADMINISTRAÇÃO CENTRAL | B23: AC | C23: 0.0467 | D23: 0.0467 | E23: 0.0467 | F23: 0.0467 | G23: 0.0342 | H23: 0.0401 | I23: 0.0342 | J23: CD
A24: LUCRO BRUTO | B24: L | C24: 0.0753 | D24: 0.0753 | E24: 0.0753 | F24: 0.0753 | G24: 0.0494 | H24: 0.0664 | I24: 0.0494 | J24: CD
A25: DESPESAS FINANCEIRAS | B25: DF | C25: 0.0093 | D25: 0.0093 | E25: 0.0093 | F25: 0.0093 | G25: 0.0093 | H25: 0.0093 | I25: 0.0093 | J25: CD
A26: SEGUROS, GARANTIAS E RISCO | C26: =SUM(C27:C28) -> 0.0171 | D26: =SUM(D27:D28) -> 0.0171 | E26: =SUM(E27:E28) -> 0.0171 | F26: =SUM(F27:F28) -> 0.0171 | G26: =SUM(G27:G28) -> 0.0129 | H26: =SUM(H27:H28) -> 0.0082 | I26: =SUM(I27:I28) -> 0.0129 | J26: CD
A27: SEGUROS + GARANTIAS | B27: S | C27: 0.0074 | D27: 0.0074 | E27: 0.0074 | F27: 0.0074 | G27: 0.0053 | H27: 0.0032 | I27: 0.0053 | J27: CD
A28: RISCO(*) | B28: R | C28: 0.0097 | D28: 0.0097 | E28: 0.0097 | F28: 0.0097 | G28: 0.0076 | H28: 0.005 | I28: 0.0076 | J28: CD
A29: TRIBUTOS | B29: I | C29: =SUM(C30:C32) -> 0.0505 | D29: =SUM(D30:D32) -> 0.0575 | E29: =SUM(E30:E32) -> 0.0645 | F29: =SUM(F30:F32) -> 0.0715 | G29: =SUM(G30:G32) -> 0.0365 | H29: =SUM(H30:H32) -> 0.0615 | I29: =SUM(I30:I32) -> 0.0615 | J29: PV
A30: ISS | B30: ISS(2) | C30: 0.014 | D30: 0.021 | E30: 0.028 | F30: 0.035 | G30: - | H30: 0.025 | I30: 0.025 | J30: PV
A31: PIS | B31: PIS | C31: 0.0065 | D31: 0.0065 | E31: 0.0065 | F31: 0.0065 | G31: 0.0065 | H31: 0.0065 | I31: 0.0065 | J31: PV
A32: COFINS | B32: - | C32: 0.03 | D32: 0.03 | E32: 0.03 | F32: 0.03 | G32: 0.03 | H32: 0.03 | I32: 0.03 | J32: PV
A33: CPRB | B33: INSS | C33: 0.045 | D33: 0.045 | E33: 0.045 | F33: 0.045 | G33: 0.045 | H33: 0.045 | I33: 0.045 | J33: PV
A35: FÓRMULA DO BDI | C35: (1 + (AC + S + G + R)) x (1 + DF) x (1 + L)
C36: (1 - (I + CPRB))
A37: BDI (NUMERADOR) | C37: =(1+(C23+C26))*(1+C25)*(1+C24)-1 -> 0.1545 | D37: =(1+(D23+D26))*(1+D25)*(1+D24)-1 -> 0.1545 | E37: =(1+(E23+E26))*(1+E25)*(1+E24)-1 -> 0.1545 | F37: =(1+(F23+F26))*(1+F25)*(1+F24)-1 -> 0.1545 | G37: =(1+(G23+G26))*(1+G25)*(1+G24)-1 -> 0.109 | H37: =(1+(H23+H26))*(1+H25)*(1+H24)-1 -> 0.1283 | I37: =(1+(I23+I26))*(1+I25)*(1+I24)-1 -> 0.109
A38: BDI (DENOMINADOR) | C38: =(1-(C29+C33)) -> 0.9045 | D38: =(1-(D29+D33)) -> 0.8975 | E38: =(1-(E29+E33)) -> 0.8905 | F38: =(1-(F29+F33)) -> 0.8835 | G38: =(1-(G29+G33)) -> 0.9185 | H38: =(1-(H29+H33)) -> 0.8935 | I38: =(1-(I29+I33)) -> 0.8935
A39: BDI | C39: =(1+C37)/C38-1 -> 0.2764 | D39: =(1+D37)/D38-1 -> 0.2864 | E39: =(1+E37)/E38-1 -> 0.2965 | F39: =(1+F37)/F38-1 -> 0.3067 | G39: =(1+G37)/G38-1 -> 0.2074 | H39: =(1+H37)/H38-1 -> 0.2628 | I39: =(1+I37)/I38-1 -> 0.2412
A41: OBSERVAÇÕES
A42: (1) SIGLA. (2) INCIDÊNCIA DE ISS EM 70% DO PREÇO DE VENDA, COM PERCENTUAIS DE 2%, 3%, 4% E 5%. (3) BDI DIFERENCIADO A SER APLICADO EM LOCAÇÃO DE CUSTO HORÁRIO DE EQUIPAMENTO. (4) BDI DIFERENCIADO A SER APLICADO PARA SERVIÇOS TERCEIRIZADOS. (5) BDI DIFERENCIADO A SER APLICADO PARA FORNECIMENTO DE MATERIAL BETUMINOSO E MATERIAL DE JAZIDA. (6) INCIDÊNCIA.

Sheet 1° BM 
A1: PREFEITURA MUNICIPAL DE ORIZÂNIA - ESTADO DE MINAS GERAIS CNPJ: 01.616.271/0001-39
A2: BOLETIM DE MEDIÇÃO
A3: PREFEITURA MUNICIPAL DE ORIZÂNIA - MG | H3: PAC: | L3: DATA DE EMISSÃO: | N3: Medição n°: | P3: Folha n°:
A4: ='Planilha Orçamentaria'!A4:E4 -> SERVIÇO: Fornecimento e aplicação de concreto usinado. | F4: PERÍODO DE EXECUÇÃO: 09/11/2020 a 12/01/2021 | H4: Pregão Presencial: | N4: 1
A5: ='Planilha Orçamentaria'!A5:D5 -> Endereço: Municipio de Orizânia/MG. | E5: ISS: | F5: 0.03 | G5: Licitação n°: | H5: Ata de registro de preço: | L5: O.F. PARCIAL : | N5: PERÍODO DE EXECUÇÃO:
A6: ='Planilha Orçamentaria'!A6:D6 -> REGIÃO/MÊS DE REFERÊNCIA: SETOP MG 08/2023 - CPOS São Paulo 05/2023 - Orse Sergipe 05/2023 (Desonerado) | E6: ( ) | F6: DIRETA | G6: ( x ) | H6: Valor CT/TA: | L6: Saldo Anterior: | N6: Esta medição: | P6: Saldo:
G7: BDI: | L7: =H7 -> 0 | P7: =L7-N7 -> 0
A8: ITEM | C8: DESCRIÇÃO | D8: UNIDADE | H8: PREÇO UNITÁRIO LICITADO | J8: QUANT. PREVISTA | K8: QUANTIDADES EXECUTADAS | N8: UNID. | O8: VALOR UNIT. | P8: VALORES EXECUTADOS
B9: REFERÊNCIA | E9: QUANT. | F9: PREÇO UNITÁRIO S/ BDI | G9: PREÇO UNITÁRIO C/ BDI | I9: PREÇO LICITADO | K9: Anterior | L9: No Periodo | M9: Acumulado | P9: No período | Q9: Acumulado
A15: ='Planilha Orçamentaria'!A14 -> 1.3 | B15: SETOP ED-48467 | C15: ='Planilha Orçamentaria'!C14 -> MAO DE OBRA DE AJUDANTE DE SOLDADOR, INC LUSIVE ENCARGOS SOCIAIS DESONERADOS | D15: Und | E15: 30 | F15: 53.2 | G15: =F15*1.2777 -> 67.97 | H15: =G15*0.7 -> 47.58 | I15: =H15*E15 -> 1427.4 | J15: ='Planilha Orçamentaria'!E14 -> 0 | L15: ='Planilha Orçamentaria'!E14 -> 0 | M15: =L15+K15 -> 0 | N15: Und | O15: ='Planilha Orçamentaria'!H14 -> 23.29 | P15: ='Planilha Orçamentaria'!J14 -> 0 | Q15: ='Planilha Orçamentaria'!J14 -> 0
A16: ='Planilha Orçamentaria'!A15 -> 1.4 | B16: SETOP ED-48493 | C16: REMOÇÃO DE PORTA OU JANELA INCLUSIVE MARCO E ALIZAR, INCLUSIVE AFASTAMENTO E EMPILHAMENTO | D16: M² | E16: 38.48 | F16: 9.63 | G16: =F16*1.2777 -> 12.3 | H16: =G16*0.7 -> 8.61 | I16: =H16*E16 -> 331.31 | J16: ='Planilha Orçamentaria'!E15 -> 0 | L16: =J16 -> 0 | M16: =L16+K16 -> 0 | N16: M² | O16: =H16 -> 8.61 | P16: ='Planilha Orçamentaria'!J15 -> 0 | Q16: ='Planilha Orçamentaria'!J15 -> 0
A17: ='Planilha Orçamentaria'!A16 -> 1.5 | B17: SETOP ED-48462 | C17: DEMOLIÇÃO DE FORRO DE PERFIS EXCLUSIVE ESTRUTURA DE SUSTENTAÇÃO COM AFASTAMENTO E EMPILHAMENTO | D17: M² | E17: 368 | F17: 14.45 | G17: =F17*1.2777 -> 18.46 | H17: =G17*0.7 -> 12.92 | I17: =H17*E17 -> 4754.56 | J17: ='Planilha Orçamentaria'!E16 -> 0 | L17: =J17 -> 0 | M17: =L17+K17 -> 0 | N17: M² | O17: =H17 -> 12.92 | P17: ='Planilha Orçamentaria'!J16 -> 0 | Q17: ='Planilha Orçamentaria'!J16 -> 0
A18: ='Planilha Orçamentaria'!A17 -> 1.6 | B18: SETOP ED-48514 | C18: REMOÇÃO DE TELHA CERÂMICA COLONIAL OU FRANCESA PARA REAPROVEITAMENTO, INCLUSIVE AFASTAMENTO E EMPILHAMENTO | D18: M² | E18: =352.1+117.61 -> 469.71 | F18: 16.06 | G18: =F18*1.2777 -> 20.52 | H18: =G18*0.7 -> 14.36 | I18: =H18*E18 -> 6745.04 | J18: ='Planilha Orçamentaria'!E17 -> 0 | L18: =J18 -> 0 | M18: =L18+K18 -> 0 | N18: M² | O18: =H18 -> 14.36 | P18: ='Planilha Orçamentaria'!J17 -> 0 | Q18: ='Planilha Orçamentaria'!J17 -> 0
A19: ='Planilha Orçamentaria'!A18 -> 1.7 | B19: SETOP ED-48457 | C19: DEMOLIÇÃO DE ENGRADAMENTO DE TELHA CERÂMICA PARA REAPROVEITAMENTO | D19: M² | E19: 255 | F19: 19.68 | G19: =F19*1.2777 -> 25.15 | H19: =G19*0.7 -> 17.61 | I19: =H19*E19 -> 4490.55 | J19: ='Planilha Orçamentaria'!E18 -> 0 | L19: =J19 -> 0 | M19: =L19+K19 -> 0 | N19: M² | O19: =H19 -> 17.61 | P19: ='Planilha Orçamentaria'!J18 -> 0 | Q19: ='Planilha Orçamentaria'!J18 -> 0
A20: ='Planilha Orçamentaria'!A19 -> 1.8 | B20: SETOP ED-48438 | C20: REMOÇÃO DE CALHA GALVANIZADA OU PVC, INCLUSIVE AFASTAMENTO | D20: M | E20: 45 | F20: 6.42 | G20: =F20*1.2777 -> 8.2 | H20: =G20*0.7 -> 5.74 | I20: =H20*E20 -> 258.3 | J20: ='Planilha Orçamentaria'!E19 -> 0 | L20: =J20 -> 0 | M20: =L20+K20 -> 0 | N20: M | O20: =H20 -> 5.74 | P20: ='Planilha Orçamentaria'!J19 -> 0 | Q20: ='Planilha Orçamentaria'!J19 -> 0
A21: ='Planilha Orçamentaria'!A20 -> 1.8 | B21: SETOP ED-48501 | C21: DEMOLIÇÃO DE REBOCO, COM ESPESSURA DE ATÉ 55MM, INCLUSIVE AFASTAMENTO | D21: M² | E21: =E31 -> 2101.03 | F21: 11.24 | G21: =F21*1.2777 -> 14.36 | H21: =G21*0.7 -> 10.05 | I21: =H21*E21 -> 21115.35 | J21: ='Planilha Orçamentaria'!E20 -> 0 | L21: =J21 -> 0 | M21: =L21+K21 -> 0 | N21: M² | O21: =H21 -> 10.05 | P21: ='Planilha Orçamentaria'!J20 -> 0 | Q21: ='Planilha Orçamentaria'!J20 -> 0
A22: ='Planilha Orçamentaria'!A21 -> 1.9 | B22: SETOP ED-48436 | C22: DEMOLIÇÃO DE ALVENARIA DE TIJOLO CERÂMICO SEM APROVEITAMENTO DO MATERIAL, INCLUSIVE AFASTAMENTO | D22: M³ | E22: 52.23 | F22: 96.37 | G22: =F22*1.2777 -> 123.13 | H22: =G22*0.7 -> 86.19 | I22: =H22*E22 -> 4501.7 | J22: ='Planilha Orçamentaria'!E21 -> 0 | L22: =J22 -> 0 | M22: =L22+K22 -> 0 | N22: M³ | O22: =H22 -> 86.19 | P22: ='Planilha Orçamentaria'!J21 -> 0 | Q22: ='Planilha Orçamentaria'!J21 -> 0
A23: ='Planilha Orçamentaria'!A22 -> 1.10 | B23: SETOP ED-48450 | C23: DEMOLIÇÃO DE DIVISÓRIA DE PEDRAS (MÁRMORE, GRANITO, ARDÓSIA, MARMORITE), INCLUSIVE AFASTAMENTO | D23: M² | E23: 5.53 | F23: 37.1 | G23: =F23*1.2777 -> 47.4 | H23: =G23*0.7 -> 33.18 | I23: =H23*E23 -> 183.49 | J23: ='Planilha Orçamentaria'!E22 -> 0 | L23: =J23 -> 0 | M23: =L23+K23 -> 0 | N23: M² | O23: =H23 -> 33.18 | P23: ='Planilha Orçamentaria'!J22 -> 0 | Q23: ='Planilha Orçamentaria'!J22 -> 0
A24: ='Planilha Orçamentaria'!A23 -> 2 | C24: ='Planilha Orçamentaria'!C23 -> MEIO FIO, SARJETAS E PASSEIOS | P24: =P25+P26+P27 -> 0 | Q24: =Q25+Q26+Q27 -> 0
A25: ='Planilha Orçamentaria'!A24 -> 2.1 | B25: SETOP ED-51133 | C25: ='Planilha Orçamentaria'!C24 -> Sarjeta de concreto em aterro, tipo DR.SCA-x/y. Largura = 80 cm tipo 50/30 (Execução, incluindo escavação, ornecimento e transporte de todos os materiais) | D25: M³ | E25: 114.25 | F25: 28.2 | G25: =F25*1.2777 -> 36.03 | H25: =G25*0.7 -> 25.22 | I25: =H25*E25 -> 2881.39 | J25: ='Planilha Orçamentaria'!E24 -> 0 | L25: ='Planilha Orçamentaria'!E24 -> 0 | M25: =L25+K25 -> 0 | N25: M³ | O25: ='Planilha Orçamentaria'!H24 -> 91.74 | P25: ='Planilha Orçamentaria'!J24 -> 0 | Q25: ='Planilha Orçamentaria'!J24 -> 0
A26: ='Planilha Orçamentaria'!A25 -> 2.2 | B26: SETOPED-51125 | C26: ='Planilha Orçamentaria'!C25 -> Meio-fio de concreto, tipo DR.MF-01 (Execução, incluindo escavação, fornecimento e transporte de todos os materiais) | D26: M³ | E26: =E25 -> 114.25 | F26: 30 | G26: =F26*1.2777 -> 38.33 | H26: =G26*0.7 -> 26.83 | I26: =H26*E26 -> 3065.33 | J26: ='Planilha Orçamentaria'!E25 -> 0 | L26: ='Planilha Orçamentaria'!E25 -> 0 | M26: =L26+K26 -> 0 | N26: M³ | O26: ='Planilha Orçamentaria'!H25 -> 59.48 | P26: ='Planilha Orçamentaria'!J25 -> 0 | Q26: ='Planilha Orçamentaria'!J25 -> 0
A27: ='Planilha Orçamentaria'!A26 -> 2.3 | B27: SETOP RO-43886 | C27: ='Planilha Orçamentaria'!C26 -> PASSEIOS DE CONCRETO E = 6 CM, FCK = 10 MPA, JUNTA SECA | D27: M³ | E27: =E25 -> 114.25 | F27: 6.5 | G27: =F27*1.2777 -> 8.31 | H27: =G27*0.7 -> 5.82 | I27: =H27*E27 -> 664.94 | J27: ='Planilha Orçamentaria'!E26 -> 0 | L27: =J27 -> 0 | M27: =L27+K27 -> 0 | N27: M³ | O27: ='Planilha Orçamentaria'!H26 -> 63.63 | P27: ='Planilha Orçamentaria'!J26 -> 0 | Q27: ='Planilha Orçamentaria'!J26 -> 0
A28: ='Planilha Orçamentaria'!A27 -> 3 | C28: ALVENARIA | P28: =P29+P30+P31+P33 -> 0 | Q28: =Q29+Q30+Q31+Q33+Q32 -> 0
A29: ='Planilha Orçamentaria'!A28 -> 3.1 | B29: SETOP ED-48231 | C29: ALVENARIA DE VEDAÇÃO COM TIJOLO CERÂMICO FURADO, ESP. 9CM, PARA REVESTIMENTO, INCLUSIVE ARGAMASSA PARA ASSENTAMENTO | D29: m² | E29: 115 | F29: 36.08 | G29: =F29*1.2777 -> 46.1 | H29: =G29*0.7 -> 32.27 | I29: =H29*E29 -> 3711.05 | J29: ='Planilha Orçamentaria'!E28 -> 0 | L29: =J29 -> 0 | M29: =L29+K29 -> 0 | N29: m² | O29: =H29 -> 32.27 | P29: ='Planilha Orçamentaria'!J28 -> 0 | Q29: ='Planilha Orçamentaria'!J28 -> 0
A30: ='Planilha Orçamentaria'!A29 -> 3.2 | B30: SETOP ED-50730 | C30: CHAPISCO COM ARGAMASSA, TRAÇO 1:2:3 (CIMENTO, AREIA E PEDRISCO), APLICADO COM COLHER, ESP. 5MM, PREPARO MECÂNICO | D30: m² | E30: 254 | F30: 9.72 | G30: =F30*1.2777 -> 12.42 | H30: =G30*0.7 -> 8.69 | I30: =H30*E30 -> 2207.26 | J30: ='Planilha Orçamentaria'!E29 -> 0 | L30: =J30 -> 0 | M30: =L30+K30 -> 0 | N30: m² | O30: =H30 -> 8.69 | P30: ='Planilha Orçamentaria'!J29 -> 0 | Q30: ='Planilha Orçamentaria'!J29 -> 0
A31: ='Planilha Orçamentaria'!A30 -> 3.3 | B31: SETOP ED-50760 | C31: REBOCO COM ARGAMASSA, TRAÇO 1:2:9 (CIMENTO, CAL E AREIA), COM ADITIVO IMPERMEABILIZANTE, ESP. 20MM, APLICAÇÃO MANUAL, PREPARO MECÂNICO | D31: m³ | E31: =138.06+(0.3*E68) -> 2101.03 | F31: 29.09 | G31: =F31*1.2777 -> 37.17 | H31: =G31*0.7 -> 26.02 | I31: =H31*E31 -> 54668.8 | J31: ='Planilha Orçamentaria'!E30 -> 0 | L31: =J31 -> 0 | M31: =L31+K31 -> 0 | N31: m³ | O31: =H31 -> 26.02 | P31: ='Planilha Orçamentaria'!J30 -> 0 | Q31: ='Planilha Orçamentaria'!J30 -> 0
A32: ='Planilha Orçamentaria'!A31 -> 4.4 | C32: =#REF! -> #REF! | H32: =G32*0.7 -> 0 | J32: ='Planilha Orçamentaria'!E31 -> 0 | L32: =J32 -> 0 | M32: =L32+K32 -> 0 | N32: m | O32: =H32 -> 0 | P32: ='Planilha Orçamentaria'!J31 -> 0 | Q32: ='Planilha Orçamentaria'!J31 -> 0
A33: ='Planilha Orçamentaria'!A32 -> 4.5 | B33: SETOP ED-50474 | C33: EMASSAMENTO EM PAREDE COM MASSA ACRÍLICA, DUAS (2) DEMÃOS, INCLUSIVE LIXAMENTO PARA PINTURA | D33: m³ | E33: 254 | F33: 15.99 | G33: =F33*1.2777 -> 20.43 | H33: =G33*0.7 -> 14.3 | I33: =H33*E33 -> 3632.2 | J33: ='Planilha Orçamentaria'!E32 -> 0 | L33: =J33 -> 0 | M33: =L33+K33 -> 0 | N33: m³ | O33: =H33 -> 14.3 | P33: ='Planilha Orçamentaria'!J32 -> 0 | Q33: =M33*O33 -> 0
A34: ='Planilha Orçamentaria'!A33 -> 4 | C34: PISOS, REVESTIMENTOS E DIVISORIAS | P34: =P35+P36+P37+P38+P39 -> 15542.84 | Q34: =Q35+Q36+Q37+Q38+Q39 -> 15542.84
A35: ='Planilha Orçamentaria'!A34 -> 4.1 | B35: SETOP ED-50735 | C35: CONTRAPISO DESEMPENADO COM ARGAMASSA, TRAÇO 1:3 (CIMENTO E AREIA), ESP. 50MM | D35: m² | E35: =E36 -> 890.66 | F35: 42.79 | G35: =F35*1.2777 -> 54.67 | H35: =G35*0.7 -> 38.27 | I35: =H35*E35 -> 34085.56 | J35: ='Planilha Orçamentaria'!E34 -> 0 | L35: =J35 -> 0 | M35: =L35+K35 -> 0 | N35: m² | O35: =H35 -> 38.27 | P35: ='Planilha Orçamentaria'!J34 -> 0 | Q35: ='Planilha Orçamentaria'!J34 -> 0
A36: ='Planilha Orçamentaria'!A35 -> 4.2 | B36: SETOP ED-50542 | C36: REVESTIMENTO COM CERÂMICA APLICADO EM PISO, ACABAMENTO ESMALTADO, AMBIENTE INTERNO, PADRÃO EXTRA, DIMENSÃO DA PEÇA ATÉ 2025 CM2, PEI V, ASSENTAMENTO COM ARGAMASSA INDUSTRIALIZADA, INCLUSIVE REJUNTAMENTO | D36: m² | E36: 890.66 | F36: 72.23 | G36: =F36*1.2777 -> 92.29 | H36: =G36*0.7 -> 64.6 | I36: =H36*E36 -> 57536.64 | J36: ='Planilha Orçamentaria'!E35 -> 0 | L36: =J36 -> 0 | M36: =L36+K36 -> 0 | N36: m² | O36: =H36 -> 64.6 | P36: ='Planilha Orçamentaria'!J35 -> 0 | Q36: ='Planilha Orçamentaria'!J35 -> 0
A37: ='Planilha Orçamentaria'!A36 -> 4.3 | B37: SETOP ED-9081 | C37: REVESTIMENTO COM CERÂMICA APLICADO EM PAREDE, ACABAMENTO ESMALTADO, AMBIENTE INTERNO/EXTERNO, PADRÃO EXTRA, DIMENSÃO DA PEÇA ATÉ 2025 CM2, PEI III, ASSENTAMENTO COM ARGAMASSA INDUSTRIALIZADA, INCLUSIVE REJUNTAMENTO | D37: m² | E37: 186 | F37: 56.8 | G37: =F37*1.2777 -> 72.57 | H37: =G37*0.7 -> 50.8 | I37: =H37*E37 -> 9448.8 | J37: ='Planilha Orçamentaria'!E36 -> 0 | L37: =J37 -> 0 | M37: =L37+K37 -> 0 | N37: m² | O37: =H37 -> 50.8 | P37: ='Planilha Orçamentaria'!J36 -> -0.03 | Q37: ='Planilha Orçamentaria'!J36 -> -0.03
A38: ='Planilha Orçamentaria'!A37 -> 4.4 | B38: SETOP ED-51002 | C38: SOLEIRA DE GRANITO CINZA ANDORINHA E = 2 CM | D38: m² | E38: 16.5 | F38: 245.64 | G38: =F38*1.2777 -> 313.85 | H38: =G38*0.7 -> 219.7 | I38: =H38*E38 -> 3625.05 | J38: ='Planilha Orçamentaria'!E37 -> 0 | L38: =J38 -> 0 | M38: =L38+K38 -> 0 | N38: m² | O38: =H38 -> 219.7 | P38: ='Planilha Orçamentaria'!J37 -> 0 | Q38: ='Planilha Orçamentaria'!J37 -> 0
A39: ='Planilha Orçamentaria'!A38 -> 4.5 | B39: SETOP ED-48533 | C39: DIVISÓRIA EM GRANITO CINZA ANDORINHA E = 3 CM, INCLUSIVE FERRAGENS EM LATÃO CROMADO | D39: m³ | E39: 42 | F39: 541.04 | G39: =F39*1.2777 -> 691.29 | H39: =G39*0.7 -> 483.9 | I39: =H39*E39 -> 20323.8 | J39: ='Planilha Orçamentaria'!E38 -> 0 | L39: 32.12 | M39: =L39+K39 -> 32.12 | N39: m³ | O39: =H39 -> 483.9 | P39: =L39*H39 -> 15542.87 | Q39: =P39 -> 15542.87
A40: ='Planilha Orçamentaria'!A39 -> 5 | C40: ESQUADRIAS | P40: =P41+P42+P43+P44+P45+P47+P46 -> 0 | Q40: =Q41+Q42+Q43+Q44+Q45+Q47+Q46 -> 0
A41: ='Planilha Orçamentaria'!A40 -> 5.1 | B41: SETOP ED-49605 | C41: PORTA EM MADEIRA DE LEI ESPECIAL COMPLETA 80 X 210 CM | D41: Und | E41: 16 | F41: 711.67 | G41: =F41*1.2777 -> 909.3 | H41: =G41*0.7 -> 636.51 | I41: =H41*E41 -> 10184.16 | J41: ='Planilha Orçamentaria'!E40 -> 0 | L41: =J41 -> 0 | M41: =L41+K41 -> 0 | N41: Und | O41: =H41 -> 636.51 | P41: ='Planilha Orçamentaria'!J40 -> 0 | Q41: ='Planilha Orçamentaria'!J40 -> 0
A42: ='Planilha Orçamentaria'!A41 -> 5.2 | B42: SETOP ED-49591 | C42: MARCO EM MADEIRA DE LEI PARA PINTURA, L = 14 CM, 80 X 210 CM | D42: Und | E42: 16 | F42: 170.69 | G42: =F42*1.2777 -> 218.09 | H42: =G42*0.7 -> 152.66 | I42: =H42*E42 -> 2442.56 | J42: ='Planilha Orçamentaria'!E41 -> 0 | L42: =J42 -> 0 | M42: =L42+K42 -> 0 | N42: Und | O42: =H42 -> 152.66 | P42: ='Planilha Orçamentaria'!J41 -> 0 | Q42: ='Planilha Orçamentaria'!J41 -> 0
A43: ='Planilha Orçamentaria'!A42 -> 5.3 | B43: SETOP ED-7576 | C43: FORNECIMENTO E ASSENTAMENTO DE PORTA EM ALUMÍNIO, TIPO VENEZIANA, DE ABRIR, ACABAMENTO ANODIZADO NATURAL, INCLUSIVE FECHADURA E MARCO | D43: M² | E43: 11.4 | F43: 521.95 | G43: =F43*1.2777 -> 666.9 | H43: =G43*0.7 -> 466.83 | I43: =H43*E43 -> 5321.86 | J43: ='Planilha Orçamentaria'!E42 -> 0 | M43: =L43+K43 -> 0 | N43: M² | O43: =H43 -> 466.83
A44: ='Planilha Orçamentaria'!A43 -> 5.4 | B44: SETOP ED-50986 | C44: PORTÃO EM TUBO GALVANIZADO 2 1/2" COM TELA FIO 12 # 1/2" | D44: M³ | E44: =(3*2.5)+(2.1*0.9)+(4*2.5) -> 19.39 | F44: 355.92 | G44: =F44*1.2777 -> 454.76 | H44: =G44*0.7 -> 318.33 | I44: =H44*E44 -> 6172.42 | J44: ='Planilha Orçamentaria'!E43 -> 0 | L44: =J44 -> 0 | M44: =L44+K44 -> 0 | N44: M³ | O44: =H44 -> 318.33 | P44: ='Planilha Orçamentaria'!J43 -> 0 | Q44: ='Planilha Orçamentaria'!J43 -> 0
A45: ='Planilha Orçamentaria'!A44 -> 5.5 | B45: SETOP ED-50896 | C45: GF2 - (340 X 165 CM ) GRADE FIXA PARA PROTEÇÃO DE JANELAS, EM BARRA DE FERRO QUADRADO DE 1/2" E QUADRO DE FERRO CHATO DE 1/2"X 1/8", COLOCADA | D45: Und | E45: 7 | F45: 1422.02 | G45: =F45*1.2777 -> 1816.91 | H45: =G45*0.7 -> 1271.84 | I45: =H45*E45 -> 8902.88 | J45: ='Planilha Orçamentaria'!E44 -> 0 | L45: =J45 -> 0 | M45: =L45+K45 -> 0 | N45: Und | O45: =H45 -> 1271.84 | P45: ='Planilha Orçamentaria'!J44 -> 0 | Q45: ='Planilha Orçamentaria'!J44 -> 0
A46: ='Planilha Orçamentaria'!A45 -> 5.6 | C46: =#REF! -> #REF! | H46: =#REF! -> #REF! | J46: ='Planilha Orçamentaria'!E45 -> 0 | L46: =J46 -> 0 | O46: =H46 -> #REF! | P46: ='Planilha Orçamentaria'!J45 -> 0 | Q46: ='Planilha Orçamentaria'!J45 -> 0
A47: ='Planilha Orçamentaria'!A46 -> 5.4 | B47: SETOP ED-51160 | C47: VIDRO TEMPERADO INCOLOR, ESP. 10MM, INCLUSIVE FIXAÇÃO E VEDAÇÃO COM GUARNIÇÃO/GAXETA DE BORRACHA NEOPRENE, FORNECIMENTO E INSTALAÇÃO, EXCLUSIVE CAIXILHO/PERFIL | D47: M² | E47: 7.5 | F47: 232.18 | G47: =F47*1.2777 -> 296.66 | H47: =G47*0.7 -> 207.66 | I47: =H47*E47 -> 1557.45 | J47: ='Planilha Orçamentaria'!E46 -> 0 | M47: =L47+K47 -> 0 | N47: M² | O47: =H47 -> 207.66
A48: ='Planilha Orçamentaria'!A47 -> 6 | C48: HIDRAULICA E DRENAGEM | P48: =P49+P50+P51+P52+P53+P56+P54+P55 -> 0 | Q48: =Q49+Q50+Q51+Q52+Q53+Q56+Q54+Q55 -> 0
A49: ='Planilha Orçamentaria'!A48 -> 6.1 | B49: SETOP ED-50222 | C49: PONTO DE EMBUTIR PARA ÁGUA FRIA EM TUBO PVC RÍGIDO ROSCÁVEL, DN 1/2" (20MM), EMBUTIDO NA ALVENARIA COM ISTÂNCIA DE ATÉ CINCO (5) METROS DA TOMADA DE ÁGUA, INCLUSIVE CONEXÕES E FIXAÇÃO DO TUBO COM ENCHIMENTO DO RASGO NA ALVENARIA/CONCRETO COM ARGAMASSA | D49: Und | E49: 10 | F49: 106.5 | G49: =F49*1.2777 -> 136.08 | H49: =G49*0.7 -> 95.26 | I49: =H49*E49 -> 952.6 | J49: ='Planilha Orçamentaria'!E48 -> 0 | L49: =J49 -> 0 | M49: =L49+K49 -> 0 | N49: Und | O49: =H49 -> 95.26 | P49: ='Planilha Orçamentaria'!J48 -> 0 | Q49: =P49 -> 0
A50: ='Planilha Orçamentaria'!A49 -> 6.2 | B50: SETOP ED-50224 | C50: PONTO DE EMBUTIR PARA ESGOTO EM TUBO PVC RÍGIDO, PBV - SÉRIE NORMAL, DN 50MM (2"), EMBUTIDO EM PISO COM DISTÂNCIA DE ATÉ CINCO (5) METROS DA RAMAL DE ESGOTO,EXCLUSIVE ESCAVAÇÃO, INCLUSIVE CONEXÕES E FIXAÇÃO DO TUBO COM ENCHIMENTO DO RASGO NO CONCRETO COM ARGAMASSA | D50: Und | E50: 10 | F50: 185.3 | G50: =F50*1.2777 -> 236.76 | H50: =G50*0.7 -> 165.73 | I50: =H50*E50 -> 1657.3 | J50: ='Planilha Orçamentaria'!E49 -> 0 | L50: =J50 -> 0 | M50: =L50+K50 -> 0 | N50: Und | O50: =H50 -> 165.73 | P50: ='Planilha Orçamentaria'!J49 -> 0 | Q50: =P50 -> 0
A51: ='Planilha Orçamentaria'!A50 -> 6.3 | B51: SETOP ED-50018 | C51: FORNECIMENTO E ASSENTAMENTO DE TUBO PVC RÍGIDO SOLDÁVEL, ÁGUA FRIA, DN 20 MM (1/2"), INCLUSIVE CONEXÕES | D51: m | E51: 32 | F51: 16.17 | G51: =F51*1.2777 -> 20.66 | H51: =G51*0.7 -> 14.46 | I51: =H51*E51 -> 462.72 | J51: ='Planilha Orçamentaria'!E50 -> 0 | L51: =J51 -> 0 | M51: =L51+K51 -> 0 | N51: m | O51: =H51 -> 14.46 | P51: ='Planilha Orçamentaria'!J50 -> 0 | Q51: =P51 -> 0
A52: ='Planilha Orçamentaria'!A51 -> 6.4 | B52: SETOP ED-50022 | C52: FORNECIMENTO E ASSENTAMENTO DE TUBO PVC RÍGIDO SOLDÁVEL, ÁGUA FRIA, DN 50 MM (1.1/2"), INCLUSIVE CONEXÕES | D52: m | E52: 27 | F52: 34.18 | G52: =F52*1.2777 -> 43.67 | H52: =G52*0.7 -> 30.57 | I52: =H52*E52 -> 825.39 | J52: ='Planilha Orçamentaria'!E51 -> 0 | L52: =J52 -> 0 | M52: =L52+K52 -> 0 | N52: m | O52: =H52 -> 30.57 | P52: ='Planilha Orçamentaria'!J51 -> 0 | Q52: =P52 -> 0
A53: ='Planilha Orçamentaria'!A52 -> 6.5 | B53: SETOP ED-49936 | C53: CAIXA D´ÁGUA DE POLIETILENO, CAPACIDADE DE 1.000L, INCLUSIVE TAMPA, TORNEIRA DE BOIA, EXTRAVASOR, TUBO DE LIMPEZA E ACESSÓRIOS, EXCLUSIVE TUBULAÇÃO DE ENTRADA/SAÍDA DE ÁGUA | D53: Und | E53: 2 | F53: 596.92 | G53: =F53*1.2777 -> 762.68 | H53: =G53*0.7 -> 533.88 | I53: =H53*E53 -> 1067.76 | J53: ='Planilha Orçamentaria'!E52 -> 0 | L53: =J53 -> 0 | M53: =L53+K53 -> 0 | N53: Und | O53: =H53 -> 533.88 | P53: ='Planilha Orçamentaria'!J52 -> 0 | Q53: =P53 -> 0
A54: ='Planilha Orçamentaria'!A53 -> 6.6 | C54: =#REF! -> #REF! | H54: =#REF! -> #REF! | J54: ='Planilha Orçamentaria'!E53 -> 0 | L54: =J54 -> 0 | M54: =L54+K54 -> 0 | N54: Und | O54: =H54 -> #REF! | P54: ='Planilha Orçamentaria'!J53 -> 0 | Q54: =P54 -> 0
A55: ='Planilha Orçamentaria'!A54 -> 6.7 | C55: =#REF! -> #REF! | H55: =#REF! -> #REF! | J55: ='Planilha Orçamentaria'!E54 -> 0 | L55: =J55 -> 0 | O55: =H55 -> #REF! | P55: ='Planilha Orçamentaria'!J54 -> 0 | Q55: =P55 -> 0
A56: ='Planilha Orçamentaria'!A55 -> 6.6 | B56: SETOP ED-50225 | C56: PONTO DE EMBUTIR PARA ESGOTO EM TUBO PVC RÍGIDO, PBV - SÉRIE NORMAL, DN 100MM (4"), EMBUTIDO EM PISO COM DISTÂNCIA DE ATÉ CINCO (5) METROS DA RAMAL DE ESGOTO, INCLUSIVE CONEXÕES E FIXAÇÃO DO TUBO COM ENCHIMENTO DO RASGO NO CONCRETO COM ARGAMASSA | D56: Und | E56: 10 | F56: 260.6 | G56: =F56*1.2777 -> 332.97 | H56: =G56*0.7 -> 233.08 | I56: =H56*E56 -> 2330.8 | J56: ='Planilha Orçamentaria'!E55 -> 0 | L56: =J56 -> 0 | M56: =L56+K56 -> 0 | N56: Und | O56: =H56 -> 233.08 | P56: ='Planilha Orçamentaria'!J55 -> 0 | Q56: =P56 -> 0
A57: ='Planilha Orçamentaria'!A56 -> 7 | C57: ELETRICA | P57: =P58+P59+P60+P61+P62+P64 -> 0 | Q57: =Q58+Q59+Q60+Q61+Q62+Q64 -> 0
A58: ='Planilha Orçamentaria'!A57 -> 7.1 | B58: SETOP ED-50227 | C58: PONTO DE EMBUTIR PARA UM (1) INTERRUPTOR SIMPLES (10A-250V), COM PLACA 4"X2" DE UM (1) POSTO, COM ELETRODUTO FLEXÍVEL CORRUGADO, ANTI-CHAMA, DN 25MM 4"), EMBUTIDO NA ALVENARIA E CABO DE COBRE FLEXÍVEL, CLASSE 5, ISOLAMENTO TIPO LSHF/ATOX, NÃO HALOGENADO, SEÇÃO 1,5MM2 (70°C 450/750V), COM DISTÂNCIA DE ATÉ DEZ (10) METROS DO PONTO DE DERIVAÇÃO, INCLUSIVE CAIXA DE LIGAÇÃO, SUPORTE E FIXAÇÃO DO ELETRODUTO COM ENCHIMENTO DO RASGO NA ALVENARIA/CONCRETO COM ARGAMASSA | D58: Und | E58: 12 | F58: 195.81 | G58: =F58*1.2777 -> 250.19 | H58: =G58*0.7 -> 175.13 | I58: =H58*E58 -> 2101.56 | J58: ='Planilha Orçamentaria'!E57 -> 0 | L58: =J58 -> 0 | M58: =L58+K58 -> 0 | N58: Und | O58: =H58 -> 175.13 | P58: ='Planilha Orçamentaria'!J57 -> 0 | Q58: ='Planilha Orçamentaria'!J57 -> 0
A59: ='Planilha Orçamentaria'!A58 -> 7.2 | B59: SETOP ED-50228 | C59: PONTO DE EMBUTIR PARA UMA (1) LUMINÁRIA,COM ELETRODUTO DE PVC RÍGIDO ROSCÁVEL, DN 20MM (3/4"), EMBUTIDO NA LAJE E CABO DE COBRE FLEXÍVEL, CLASSE 5, ISOLAMENTO TIPO LSHF/ATOX, NÃO HALOGENADO, SEÇÃO 1,5MM2 (70°C-450/750V), COM DISTÂNCIA DE ATÉ CINCO (5) METROS DO PONTO DE DERIVAÇÃO, EXCLUSIVE LUMINÁRIA, INCLUSIVE CAIXA DE LIGAÇÃO OCTOGONAL, SUPORTE E FIXAÇÃO DO ELETRODUTO | D59: Und | E59: 27 | F59: 100.05 | G59: =F59*1.2777 -> 127.83 | H59: =G59*0.7 -> 89.48 | I59: =H59*E59 -> 2415.96 | J59: ='Planilha Orçamentaria'!E58 -> 0 | L59: =J59 -> 0 | M59: =L59+K59 -> 0 | N59: Und | O59: =H59 -> 89.48 | P59: ='Planilha Orçamentaria'!J58 -> 0 | Q59: ='Planilha Orçamentaria'!J58 -> 0
A60: ='Planilha Orçamentaria'!A59 -> 7.3 | B60: SETOP ED-49391 | C60: LUMINÁRIA COMERCIAL LED COMPLETA, PARA UMA (1) LÂMPADA TUBULAR FLUORESCENTE 1X32W-ØT8, FORNECIMENTO E INSTALAÇÃO, INCLUSIVE BASE, REATOR E LÂMPADA | D60: Und | E60: 59 | F60: 114.95 | G60: =F60*1.2777 -> 146.87 | H60: =G60*0.7 -> 102.81 | I60: =H60*E60 -> 6065.79 | J60: ='Planilha Orçamentaria'!E59 -> 0 | L60: =J60 -> 0 | M60: =L60+K60 -> 0 | N60: Und | O60: =H60 -> 102.81 | P60: ='Planilha Orçamentaria'!J59 -> 0 | Q60: ='Planilha Orçamentaria'!J59 -> 0
A61: ='Planilha Orçamentaria'!A60 -> 7.3 | B61: SETOP ED-4953 | C61: TOMADA SIMPLES - 2P + T - 20A COM PLACA | D61: Und | E61: 129 | F61: 22.62 | G61: =F61*1.2777 -> 28.9 | H61: =G61*0.7 -> 20.23 | I61: =H61*E61 -> 2609.67 | J61: ='Planilha Orçamentaria'!E60 -> 0 | L61: =J61 -> 0 | M61: =L61+K61 -> 0 | N61: Und | O61: =H61 -> 20.23 | P61: ='Planilha Orçamentaria'!J60 -> 0 | Q61: ='Planilha Orçamentaria'!J60 -> 0
A62: ='Planilha Orçamentaria'!A61 -> 7.4 | B62: SETOP ED-15744 | C62: CONJUNTO DE UM (1) INTERRUPTOR BIPOLAR SIMPLES, CORRENTE 10A, TENSÃO 250V, (10A-250V) E UM (1) INTERRUPTOR PARALELO, CORRENTE 10A, TENSÃO 250V, (10A-250V), COM PLACA 4"X2" DE DOIS (2) POSTOS, INCLUSIVE FORNECIMENTO, INSTALAÇÃO, SUPORTE, MÓDULO E PLACA | D62: Und | E62: 26 | F62: 40.88 | G62: =F62*1.2777 -> 52.23 | H62: =G62*0.7 -> 36.56 | I62: =H62*E62 -> 950.56 | J62: ='Planilha Orçamentaria'!E61 -> 0 | L62: =J62 -> 0 | M62: =L62+K62 -> 0 | N62: Und | O62: =H62 -> 36.56 | P62: ='Planilha Orçamentaria'!J61 -> 0 | Q62: ='Planilha Orçamentaria'!J61 -> 0
A63: ='Planilha Orçamentaria'!A62 -> 7.6 | C63: =#REF! -> #REF! | H63: =#REF!*0.7 -> #REF! | J63: ='Planilha Orçamentaria'!E62 -> 0 | L63: =J63 -> 0 | O63: =H63 -> #REF! | P63: ='Planilha Orçamentaria'!J62 -> 0 | Q63: ='Planilha Orçamentaria'!J62 -> 0
A64: ='Planilha Orçamentaria'!A63 -> 7.5 | B64: SETOP ED-17905 | C64: PONTO DE EMBUTIR PARA UMA (1) TOMADA PADRÃO, TRÊS (3) POLOS (2P+T/10A-250V), COM PLACA 4"X2" DE UM (1) POSTO, COM ELETRODUTO DE PVC RÍGIDO ROSCÁVEL, DN 20MM (3/4"), EMBUTIDO NO PISO E CABO DE COBRE FLEXÍVEL, CLASSE 5, ISOLAMENTO TIPO LSHF/ATOX, NÃO HALOGENADO, SEÇÃO 2,5MM2 (70°C-450/750V), COM DISTÂNCIA DE ATÉ DEZ (10) METROS DO PONTO DE DERIVAÇÃO, INCLUSIVE CAIXA DE LIGAÇÃO, SUPORTE E FIXAÇÃO DO ELETRODUTO COM ENCHIMENTO DO RASGO NA ALVENARIA/CONCRETO COM ARGAMASSA | D64: Und | E64: 109 | F64: 299.76 | G64: =F64*1.2777 -> 383 | H64: =G64*0.7 -> 268.1 | I64: =H64*E64 -> 29222.9 | J64: ='Planilha Orçamentaria'!E63 -> 0 | L64: =J64 -> 0 | M64: =L64+K64 -> 0 | N64: Und | O64: =H64 -> 268.1 | P64: ='Planilha Orçamentaria'!J63 -> 0 | Q64: ='Planilha Orçamentaria'!J63 -> 0
A65: ='Planilha Orçamentaria'!A64 -> 8 | C65: PINTURA | P65: =P66+P67+P68+P69+P70+P71+P74+P72+P73 -> 0 | Q65: =Q66+Q67+Q68+Q69+Q70+Q71+Q74+Q73+Q72 -> 0
A66: ='Planilha Orçamentaria'!A65 -> 8.1 | B66: SETOP ED-50507 | C66: LIXAMENTO MANUAL EM PAREDE PARA REMOÇÃO DE TINTA | D66: M² | E66: =40*(0.8*2.1)*2 -> 134.4 | F66: 3.31 | G66: =F66*1.2777 -> 4.23 | H66: =G66*0.7 -> 2.96 | I66: =H66*E66 -> 397.82 | J66: ='Planilha Orçamentaria'!E65 -> 0 | L66: =J66 -> 0 | M66: =L66+K66 -> 0 | N66: M² | O66: =H66 -> 2.96 | P66: ='Planilha Orçamentaria'!J65 -> 0 | Q66: ='Planilha Orçamentaria'!J65 -> 0
A67: ='Planilha Orçamentaria'!A66 -> 8.2 | B67: SETOP ED-50493 | C67: PINTURA ESMALTE EM ESQUADRIA DE MADEIRA, DUAS (2) DEMÃOS, INCLUSIVE UMA (1) DEMÃO DE FUNDO NIVELADOR, EXCLUSIVE MASSA A ÓLEO | D67: m² | E67: =E66 -> 134.4 | F67: 18.04 | G67: =F67*1.2777 -> 23.05 | H67: =G67*0.7 -> 16.14 | I67: =H67*E67 -> 2169.22 | J67: ='Planilha Orçamentaria'!E66 -> 0 | L67: =J67 -> 0 | M67: =L67+K67 -> 0 | N67: m² | O67: =H67 -> 16.14 | P67: ='Planilha Orçamentaria'!J66 -> 0 | Q67: ='Planilha Orçamentaria'!J66 -> 0
A68: ='Planilha Orçamentaria'!A67 -> 8.3 | B68: SETOP ED-50505 | C68: LIXAMENTO MANUAL EM PAREDE PARA REMOÇÃO DE TINTA | D68: m² | E68: 6543.22 | F68: 2.19 | G68: =F68*1.2777 -> 2.8 | H68: =G68*0.7 -> 1.96 | I68: =H68*E68 -> 12824.71 | J68: ='Planilha Orçamentaria'!E67 -> 0 | L68: =J68 -> 0 | M68: =L68+K68 -> 0 | N68: m² | O68: =H68 -> 1.96 | P68: ='Planilha Orçamentaria'!J67 -> 0 | Q68: ='Planilha Orçamentaria'!J67 -> 0
A69: ='Planilha Orçamentaria'!A68 -> 8.4 | B69: SETOP ED-50506 | C69: LIXAMENTO MANUAL EM TETO PARA REMOÇÃO DE TINTA | D69: m² | E69: =E70 -> 534.33 | F69: 2.47 | G69: =F69*1.2777 -> 3.16 | H69: =G69*0.7 -> 2.21 | I69: =H69*E69 -> 1180.87 | J69: ='Planilha Orçamentaria'!E68 -> 0 | L69: =J69 -> 0 | M69: =L69+K69 -> 0 | N69: m² | O69: =H69 -> 2.21 | P69: ='Planilha Orçamentaria'!J68 -> 0 | Q69: ='Planilha Orçamentaria'!J68 -> 0
A70: ='Planilha Orçamentaria'!A69 -> 8.5 | B70: SETOP ED-50454 | C70: PINTURA ACRÍLICA EM TETO, TRÊS (3) DEMÃOS, EXCLUSIVE SELADOR ACRÍLICO E MASSA ACRÍLICA/CORRIDA (PVA) | D70: m² | E70: 534.33 | F70: 16.5 | G70: =F70*1.2777 -> 21.08 | H70: =G70*0.7 -> 14.76 | I70: =H70*E70 -> 7886.71 | J70: ='Planilha Orçamentaria'!E69 -> 0 | L70: =J70 -> 0 | M70: =L70+K70 -> 0 | N70: m² | O70: =H70 -> 14.76 | P70: ='Planilha Orçamentaria'!J69 -> 0 | Q70: ='Planilha Orçamentaria'!J69 -> 0
A71: ='Planilha Orçamentaria'!A70 -> 8.6 | B71: SETOP ED-50510 | C71: PINTURA ESMALTE PREMIUM EM PAREDE/SUPERFÍCIE DE CONCRETO/ALVENARIA, TRÊS (3) DEMÃOS, EXCLUSIVE SELADOR ACRÍLICO E MASSA ACRÍLICA/CORRIDA (PVA) | D71: m² | E71: =E68-E74 -> 2617.29 | F71: 22.48 | G71: =F71*1.2777 -> 28.72 | H71: =G71*0.7 -> 20.1 | I71: =H71*E71 -> 52607.53 | J71: ='Planilha Orçamentaria'!E70 -> 0 | L71: =J71 -> 0 | M71: =L71+K71 -> 0 | N71: m² | O71: =H71 -> 20.1 | P71: ='Planilha Orçamentaria'!J70 -> 0 | Q71: ='Planilha Orçamentaria'!J70 -> 0
A72: ='Planilha Orçamentaria'!A71 -> 8.7 | C72: =#REF! -> #REF! | H72: =#REF! -> #REF! | J72: ='Planilha Orçamentaria'!E71 -> 0 | L72: =J72 -> 0 | O72: =H72 -> #REF! | P72: ='Planilha Orçamentaria'!J71 -> 0 | Q72: ='Planilha Orçamentaria'!J71 -> 0
A73: ='Planilha Orçamentaria'!A72 -> 8.8 | C73: =#REF! -> #REF! | H73: =#REF! -> #REF! | J73: ='Planilha Orçamentaria'!E72 -> 0 | L73: =J73 -> 0 | M73: =L73+K73 -> 0 | O73: =H73 -> #REF! | P73: ='Planilha Orçamentaria'!J72 -> 0 | Q73: ='Planilha Orçamentaria'!J72 -> 0
A74: ='Planilha Orçamentaria'!A73 -> 8.7 | B74: SETOP ED-50453 | C74: PINTURA ACRÍLICA EM PAREDE, TRÊS (3) DEMÃOS, EXCLUSIVE SELADOR ACRÍLICO E MASSA ACRÍLICA/CORRIDA (PVA) | D74: m² | E74: =E68*0.6 -> 3925.93 | F74: 14.74 | G74: =F74*1.2777 -> 18.83 | H74: =G74*0.7 -> 13.18 | I74: =H74*E74 -> 51743.76 | J74: ='Planilha Orçamentaria'!E73 -> 0 | L74: =J74 -> 0 | M74: =L74+K74 -> 0 | N74: m² | O74: =H74 -> 13.18 | P74: ='Planilha Orçamentaria'!J73 -> 0 | Q74: ='Planilha Orçamentaria'!J73 -> 0
A75: ='Planilha Orçamentaria'!A74 -> 9 | C75: COBERTURA E FORROS | P75: =P76+P77+P78+P79+P80+P81+P82+P83+P84 -> 1097750 | Q75: =Q76+Q77+Q78+Q79+Q80+Q81+Q83+Q82+Q84 -> 1097750
A76: ='Planilha Orçamentaria'!A75 -> 9.1 | B76: SETOP ED-49688 | C76: FORRO EM PVC BRANCO DE L = 20 CM | D76: m² | E76: 704.41 | F76: 41 | G76: =F76*1.2777 -> 52.39 | H76: =G76*0.7 -> 36.67 | I76: =H76*E76 -> 25830.71 | J76: ='Planilha Orçamentaria'!E75 -> 0 | L76: =J76-38.85 -> -38.85 | M76: =L76+K76 -> -38.85 | N76: m² | O76: =H76 -> 36.67 | P76: =L76*H76 -> -1424.63 | Q76: =P76 -> -1424.63
A77: ='Planilha Orçamentaria'!A76 -> 9.2 | B77: SETOP ED-49689 | C77: RODAFORRO | D77: m | E77: 428.62 | F77: 8.5 | G77: =F77*1.2777 -> 10.86 | H77: =G77*0.7 -> 7.6 | I77: =H77*E77 -> 3257.51 | J77: ='Planilha Orçamentaria'!E76 -> 0 | L77: =J77-36.2 -> -36.2 | M77: =L77+K77 -> -36.2 | N77: m | O77: =H77 -> 7.6 | P77: =L77*H77 -> -275.12 | Q77: =P77 -> -275.12
A78: ='Planilha Orçamentaria'!A77 -> 9.3 | B78: SETOP ED-48421 | C78: COBERTURA EM TELHA CERÂMICA COLONIAL CURVA | D78: m² | E78: 266.51 | F78: 73.75 | G78: =F78*1.2777 -> 94.23 | H78: =G78*0.7 -> 65.96 | I78: =H78*E78 -> 17579 | J78: ='Planilha Orçamentaria'!E77 -> 0 | L78: =J78 -> 0 | M78: =L78+K78 -> 0 | N78: m² | O78: =H78 -> 65.96 | P78: ='Planilha Orçamentaria'!J77 -> 0 | Q78: ='Planilha Orçamentaria'!J77 -> 0
A79: ='Planilha Orçamentaria'!A78 -> 9.4 | B79: SETOP ED-48400 | C79: CUMEEIRA PARA TELHA CERÂMICA, INCLUSIVE ASSENTAMENTO EM ARGAMASSA, TRAÇO 1:2:9 (CIMENTO, CAL E AREIA), PREPARO MECÂNICO (Telhado e Muros) | D79: m | E79: =18.96+48.15+70.47+70.47+78.61+78.61 -> 365.27 | F79: 24.64 | G79: =F79*1.2777 -> 31.48 | H79: =G79*0.7 -> 22.04 | I79: =H79*E79 -> 8050.55 | J79: ='Planilha Orçamentaria'!E78 -> 0 | L79: =J79 -> 0 | M79: =L79+K79 -> 0 | N79: m | O79: =H79 -> 22.04 | P79: ='Planilha Orçamentaria'!J78 -> 0 | Q79: ='Planilha Orçamentaria'!J78 -> 0
A80: ='Planilha Orçamentaria'!A79 -> 1.1 | B80: SETOP ED-49690 | C80: FORRO DE MADEIRA DE PINUS | D80: m² | E80: 160 | F80: 54.39 | G80: =F80*1.2777 -> 69.49 | H80: =G80*0.7 -> 48.64 | I80: =H80*E80 -> 7782.4 | J80: ='Planilha Orçamentaria'!E79 -> 1000 | L80: =J80 -> 1000 | M80: =L80+K80 -> 1000 | N80: m² | O80: =H80 -> 48.64 | P80: ='Planilha Orçamentaria'!J79 -> 705642 | Q80: ='Planilha Orçamentaria'!J79 -> 705642
A81: ='Planilha Orçamentaria'!A80 -> 1.2 | B81: SETOP ED-50679 | C81: RUFO E CONTRA-RUFO DE CHAPA GALVANIZADA Nº. 24, DESENVOLVIMENTO = 50 CM | D81: m | E81: 155 | F81: 39.91 | G81: =F81*1.2777 -> 50.99 | H81: =G81*0.7 -> 35.69 | I81: =H81*E81 -> 5531.95 | J81: ='Planilha Orçamentaria'!E80 -> 500 | L81: =J81 -> 500 | M81: =L81+K81 -> 500 | N81: m | O81: =H81 -> 35.69 | P81: ='Planilha Orçamentaria'!J80 -> 22326.5 | Q81: ='Planilha Orçamentaria'!J80 -> 22326.5
A82: ='Planilha Orçamentaria'!A81 -> 1.3 | B82: SETOP ED-50650 | C82: CALHA DE CHAPA GALVANIZADA Nº. 22 GSG, DESENVOLVIMENTO = 50 CM | D82: m | E82: 45 | F82: 67.69 | G82: =F82*1.2777 -> 86.49 | H82: =G82*0.7 -> 60.54 | I82: =H82*E82 -> 2724.3 | J82: ='Planilha Orçamentaria'!E81 -> 12500 | L82: =J82 -> 12500 | M82: =L82+K82 -> 12500 | N82: m | O82: =H82 -> 60.54 | P82: ='Planilha Orçamentaria'!J81 -> 315175 | Q82: ='Planilha Orçamentaria'!J81 -> 315175
A83: ='Planilha Orçamentaria'!A82 -> 1.4 | B83: SETOP ED-50263 | C83: LIMPEZA (DESOBSTRUÇÃO) DE CALHAS | D83: m | E83: 112.49 | F83: 5.67 | G83: =F83*1.2777 -> 7.24 | H83: =G83*0.7 -> 5.07 | I83: =H83*E83 -> 570.32 | J83: ='Planilha Orçamentaria'!E82 -> 3125 | L83: =J83 -> 3125 | M83: =L83+K83 -> 3125 | N83: m | O83: =H83 -> 5.07 | P83: ='Planilha Orçamentaria'!J82 -> 56306.25 | Q83: ='Planilha Orçamentaria'!J82 -> 56306.25
A84: ='Planilha Orçamentaria'!A83 -> 0 | B84: SETOP ED-48414 | C84: CAIBRO DE MADEIRA EM PARAJU 7 X 4 CM | D84: m | E84: 115 | F84: 11.7 | G84: =F84*1.2777 -> 14.95 | H84: =G84*0.7 -> 10.47 | I84: =H84*E84 -> 1204.05 | J84: ='Planilha Orçamentaria'!E83 -> 0 | L84: =J84 -> 0 | M84: =L84+K84 -> 0 | N84: m | O84: =H84 -> 10.47 | P84: ='Planilha Orçamentaria'!J83 -> 0 | Q84: ='Planilha Orçamentaria'!J83 -> 0
A85: ='Planilha Orçamentaria'!#REF! -> #REF! | C85: LOUÇAS, METAIS E ACESSÓRIOS | P85: =P86+P87+P88+P89+P90+P91+P92+P94+P95+P96+P97+P98+P99+P103+P100+P101+P102+P93 -> #REF! | Q85: =Q86+Q87+Q88+Q89+Q90+Q91+Q92+Q94+Q95+Q96+Q97+Q98+Q99+Q103+Q100+Q101+Q102+Q93 -> #REF!
A86: ='Planilha Orçamentaria'!#REF! -> #REF! | B86: SETOP ED-50329 | C86: TORNEIRA CROMADA DE MESA, 1/2" OU 3/4", PARA LAVATÓRIO, PADRÃO MÉDIO - FORNECIMENTO E NSTALAÇÃO.TORNEIRA METÁLICA PARA LAVATÓRIO, FECHAMENTO AUTOMÁTICO, ACABAMENTO CROMADO, COM AREJADOR, APLICAÇÃO DE MESA, INCLUSIVE ENGATE FLEXÍVEL METÁLICO, FORNECIMENTO E INSTALAÇÃO | D86: unid. | E86: 11 | F86: 245.82 | G86: =F86*1.2777 -> 314.08 | H86: =G86*0.7 -> 219.86 | I86: =H86*E86 -> 2418.46 | J86: ='Planilha Orçamentaria'!#REF! -> #REF! | L86: =J86 -> #REF! | M86: =L86+K86 -> #REF! | N86: unid. | O86: =H86 -> 219.86 | P86: ='Planilha Orçamentaria'!J85 -> #REF! | Q86: ='Planilha Orçamentaria'!J85 -> #REF!
A87: ='Planilha Orçamentaria'!#REF! -> #REF! | B87: SETOP ED-48181 | C87: PAPELEIRA METÁLICA CROMADA, INCLUSIVE FIXAÇÃO | D87: unid. | E87: 11 | F87: 47.4 | G87: =F87*1.2777 -> 60.56 | H87: =G87*0.7 -> 42.39 | I87: =H87*E87 -> 466.29 | J87: ='Planilha Orçamentaria'!#REF! -> #REF! | L87: =J87 -> #REF! | M87: =L87+K87 -> #REF! | N87: unid. | O87: =H87 -> 42.39 | P87: ='Planilha Orçamentaria'!J86 -> #REF! | Q87: ='Planilha Orçamentaria'!J86 -> #REF!
A88: ='Planilha Orçamentaria'!#REF! -> #REF! | B88: SETOP ED-48189 | C88: SABONETEIRA PLASTICA TIPO DISPENSER PARA SABONETE LIQUIDO COM RESERVATORIO 800 ML | D88: unid. | E88: 11 | F88: 50.81 | G88: =F88*1.2777 -> 64.92 | H88: =G88*0.7 -> 45.44 | I88: =H88*E88 -> 499.84 | J88: ='Planilha Orçamentaria'!#REF! -> #REF! | L88: =J88 -> #REF! | M88: =L88+K88 -> #REF! | N88: unid. | O88: =H88 -> 45.44 | P88: ='Planilha Orçamentaria'!J87 -> #REF! | Q88: ='Planilha Orçamentaria'!J87 -> #REF!
A89: ='Planilha Orçamentaria'!#REF! -> #REF! | B89: SETOP ED-48182 | C89: DISPENSER EM PLÁSTICO PARA PAPEL TOALHA 2 OU 3 FOLHAS | D89: unid. | E89: 11 | F89: 37.22 | G89: =F89*1.2777 -> 47.56 | H89: =G89*0.7 -> 33.29 | I89: =H89*E89 -> 366.19 | J89: ='Planilha Orçamentaria'!#REF! -> #REF! | L89: =J89 -> #REF! | M89: =L89+K89 -> #REF! | N89: unid. | O89: =H89 -> 33.29 | P89: ='Planilha Orçamentaria'!J88 -> #REF! | Q89: ='Planilha Orçamentaria'!J88 -> #REF!
A90: ='Planilha Orçamentaria'!#REF! -> #REF! | B90: SETOP ED-50279 | C90: CUBA DE LOUÇA BRANCA DE EMBUTIR, FORMATO OVAL, INCLUSIVE VÁLVULA DE ESCOAMENTO DE METAL COM ACABAMENTO CROMADO, SIFÃO DE METAL TIPO COPO COM ACABAMENTO CROMADO, FORNECIMENTO E INSTALAÇÃO | D90: unid. | E90: 11 | F90: 224.45 | G90: =F90*1.2777 -> 286.78 | H90: =G90*0.7 -> 200.75 | I90: =H90*E90 -> 2208.25 | J90: ='Planilha Orçamentaria'!#REF! -> #REF! | L90: =J90 -> #REF! | M90: =L90+K90 -> #REF! | N90: unid. | O90: =H90 -> 200.75 | P90: ='Planilha Orçamentaria'!J89 -> #REF! | Q90: ='Planilha Orçamentaria'!J89 -> #REF!
A91: ='Planilha Orçamentaria'!#REF! -> #REF! | B91: SETOP ED-48343 | C91: BANCADA EM GRANITO CINZA ANDORINHA E = 3 CM, APOIADA EM CONSOLE DE METALON 20 X 30 MM | D91: m² | E91: 12.5 | F91: 315.4 | G91: =F91*1.2777 -> 402.99 | H91: =G91*0.7 -> 282.09 | I91: =H91*E91 -> 3526.13 | J91: ='Planilha Orçamentaria'!#REF! -> #REF! | L91: =J91 -> #REF! | M91: =L91+K91 -> #REF! | N91: m² | O91: =H91 -> 282.09 | P91: ='Planilha Orçamentaria'!J90 -> #REF! | Q91: ='Planilha Orçamentaria'!J90 -> #REF!
A92: ='Planilha Orçamentaria'!#REF! -> #REF! | B92: SETOP ED-48348 | C92: RODABANCA/FRONTÃO PARA BANCADA EM GRANITO, COR CINZA ANDORINHA, ESP. 2CM, ALTURA DE 10CM, INCLUSIVE REJUNTAMENTO EM MASSA PLÁSTICA NA COR DA PEDRA | D92: m | E92: 12 | F92: 39.53 | G92: =F92*1.2777 -> 50.51 | H92: =G92*0.7 -> 35.36 | I92: =H92*E92 -> 424.32 | J92: ='Planilha Orçamentaria'!#REF! -> #REF! | L92: =J92 -> #REF! | M92: =L92+K92 -> #REF! | N92: m | O92: =H92 -> 35.36 | P92: ='Planilha Orçamentaria'!J91 -> #REF! | Q92: ='Planilha Orçamentaria'!J91 -> #REF!
A93: ='Planilha Orçamentaria'!#REF! -> #REF! | C93: =#REF! -> #REF! | H93: =#REF! -> #REF! | J93: ='Planilha Orçamentaria'!#REF! -> #REF! | L93: =J93 -> #REF! | O93: =H93 -> #REF! | P93: ='Planilha Orçamentaria'!J92 -> #REF! | Q93: ='Planilha Orçamentaria'!J92 -> #REF!
A94: ='Planilha Orçamentaria'!#REF! -> #REF! | B94: SETOP ED-48156 | C94: ASSENTO BRANCO PARA VASO | D94: unid. | E94: 11 | F94: 25.37 | G94: =F94*1.2777 -> 32.42 | H94: =G94*0.7 -> 22.69 | I94: =H94*E94 -> 249.59 | J94: ='Planilha Orçamentaria'!#REF! -> #REF! | M94: =L94+K94 -> 0 | N94: unid. | O94: =H94 -> 22.69
A95: ='Planilha Orçamentaria'!#REF! -> #REF! | B95: SETOP ED-50301 | C95: BACIA SANITÁRIA (VASO) DE LOUÇA CONVENCIONAL, COR BRANCA, INCLUSIVE ACESSÓRIOS DE FIXAÇÃO/VEDAÇÃO, VÁLVULA DE DESCARGA METÁLICA COM ACIONAMENTO DUPLO, TUBO DE LIGAÇÃO DE LATÃO COM CANOPLA, FORNECIMENTO,INSTALAÇÃO E REJUNTAMENTO. | D95: unid. | E95: 9 | F95: 454.37 | G95: =F95*1.2777 -> 580.55 | H95: =G95*0.7 -> 406.39 | I95: =H95*E95 -> 3657.51 | J95: ='Planilha Orçamentaria'!#REF! -> #REF! | L95: =J95 -> #REF! | M95: =L95+K95 -> #REF! | N95: unid. | O95: =H95 -> 406.39 | P95: ='Planilha Orçamentaria'!J94 -> #REF! | Q95: ='Planilha Orçamentaria'!J94 -> #REF!
A96: ='Planilha Orçamentaria'!#REF! -> #REF! | B96: SETOP ED-50299 | C96: BACIA SANITÁRIA (VASO) DE LOUÇA CONVENCIONAL INFANTIL, COR BRANCA, INCLUSIVE ACESSÓRIOS DE FIXAÇÃO/VEDAÇÃO, VÁLVULA DE DESCARGA METÁLICA COM ACIONAMENTO DUPLO, TUBO DE LIGAÇÃO DE LATÃO COM CANOPLA, FORNECIMENTO, INSTALAÇÃO E REJUNTAMENTO | D96: unid. | E96: 2 | F96: 558.28 | G96: =F96*1.2777 -> 713.31 | H96: =G96*0.7 -> 499.32 | I96: =H96*E96 -> 998.64 | J96: ='Planilha Orçamentaria'!#REF! -> #REF! | L96: =J96 -> #REF! | M96: =L96+K96 -> #REF! | N96: unid. | O96: =H96 -> 499.32 | P96: ='Planilha Orçamentaria'!J95 -> #REF! | Q96: ='Planilha Orçamentaria'!J95 -> #REF!
A97: ='Planilha Orçamentaria'!#REF! -> #REF! | B97: SETOP ED-48339 | C97: BANCADA EM ARDÓSIA E = 3 CM, L = 55 CM, APOIADA EM CONSOLE DE METALON | D97: m² | E97: 185 | F97: 216.27 | G97: =F97*1.2777 -> 276.33 | H97: =G97*0.7 -> 193.43 | I97: =H97*E97 -> 35784.55 | J97: ='Planilha Orçamentaria'!#REF! -> #REF! | L97: =J97 -> #REF! | M97: =L97+K97 -> #REF! | N97: m² | O97: =H97 -> 193.43 | P97: ='Planilha Orçamentaria'!J96 -> #REF! | Q97: ='Planilha Orçamentaria'!J96 -> #REF!
A98: ='Planilha Orçamentaria'!A84 -> 0 | B98: SETOP ED-49995 | C98: REGISTRO DE GAVETA, TIPO BASE, ROSCÁVEL 1.1/2" (PARA TUBO SOLDÁVEL OU PPR DN 50MM/CPVC DN 42MM), INCLUSIVE ACABAMENTO (PADRÃO MÉDIO) E CANOPLA CROMADOS | D98: unid. | E98: 3 | F98: 112.76 | G98: =F98*1.2777 -> 144.07 | H98: =G98*0.7 -> 100.85 | I98: =H98*E98 -> 302.55 | J98: ='Planilha Orçamentaria'!E84 -> 0 | L98: =J98 -> 0 | M98: =L98+K98 -> 0 | N98: unid. | O98: =H98 -> 100.85 | P98: ='Planilha Orçamentaria'!J97 -> 1099449.8 | Q98: ='Planilha Orçamentaria'!J97 -> 1099449.8
A99: ='Planilha Orçamentaria'!A85 -> ORIZÂNIA/MG, 07 DE ABRIL DE 2023. | B99: SETOP ED-49987 | C99: REGISTRO DE GAVETA, TIPO BASE, ROSCÁVEL 1/2" (PARA TUBO SOLDÁVEL OU PPR DN 20MM/CPVC DN 15MM), INCLUSIVE ACABAMENTO (PADRÃO MÉDIO) E CANOPLA CROMADOS | D99: unid. | E99: 3 | F99: 50.33 | G99: =F99*1.2777 -> 64.31 | H99: =G99*0.7 -> 45.02 | I99: =H99*E99 -> 135.06 | J99: ='Planilha Orçamentaria'!E85 -> 0 | L99: =J99 -> 0 | M99: =L99+K99 -> 0 | N99: unid. | O99: =H99 -> 45.02 | P99: ='Planilha Orçamentaria'!J98 -> 0 | Q99: ='Planilha Orçamentaria'!J98 -> 0
A100: ='Planilha Orçamentaria'!A86 -> 0 | C100: =#REF! -> #REF! | H100: =#REF!*0.7 -> #REF! | J100: ='Planilha Orçamentaria'!E86 -> 0 | L100: =J100 -> 0 | O100: =H100 -> #REF! | P100: ='Planilha Orçamentaria'!J99 -> 0 | Q100: ='Planilha Orçamentaria'!J99 -> 0
A101: ='Planilha Orçamentaria'!A87 -> 0 | C101: =#REF! -> #REF! | H101: =#REF! -> #REF! | J101: ='Planilha Orçamentaria'!E87 -> 0 | L101: =J101 -> 0 | O101: =H101 -> #REF! | P101: ='Planilha Orçamentaria'!J100 -> 0 | Q101: ='Planilha Orçamentaria'!J100 -> 0
A102: ='Planilha Orçamentaria'!A88 -> 0 | C102: =#REF! -> #REF! | H102: =#REF! -> #REF! | J102: ='Planilha Orçamentaria'!E88 -> 0 | L102: =J102 -> 0 | O102: =H102 -> #REF! | P102: ='Planilha Orçamentaria'!J101 -> 0 | Q102: ='Planilha Orçamentaria'!J101 -> 0
A103: ='Planilha Orçamentaria'!A89 -> 0 | B103: SETOP ED-51152 | C103: ESPELHO (40 X 60) CM, E = 4 MM, COLOCADO COM PARAFUSO FINESSON | D103: unid. | E103: 11 | F103: 76.38 | G103: =F103*1.2777 -> 97.59 | H103: =G103*0.7 -> 68.31 | I103: =H103*E103 -> 751.41 | J103: ='Planilha Orçamentaria'!E89 -> 0 | L103: =J103 -> 0 | M103: =L103+K103 -> 0 | N103: unid. | O103: =H103 -> 68.31 | P103: ='Planilha Orçamentaria'!J102 -> 0 | Q103: ='Planilha Orçamentaria'!J102 -> 0
A104: ='Planilha Orçamentaria'!A90 -> 0 | C104: LIMPEZA FINAL PARA ENTREGA DA OBRA | J104: ='Planilha Orçamentaria'!E90 -> 0 | L104: =J104 -> 0 | P104: =P105 -> 0 | Q104: =Q105 -> 0
A105: ='Planilha Orçamentaria'!A91 -> 0 | B105: SETOP ED-50234 | C105: LIMPEZA FINAL PARA ENTREGA DA OBRA | D105: m² | E105: 5376.23 | F105: 4.82 | G105: =F105*1.2777 -> 6.16 | H105: =G105*0.7 -> 4.31 | I105: =H105*E105 -> 23171.55 | J105: ='Planilha Orçamentaria'!E91 -> 0 | L105: =J105 -> 0 | M105: =L105+K105 -> 0 | N105: m² | O105: =H105 -> 4.31 | P105: =L105*H105 -> 0 | Q105: =M105*O105 -> 0
...

Sheet Cronograma
A1: PREFEITURA MUNICIPAL DE ORIZÂNIA - ESTADO DE MINAS GERAIS CNPJ: 01.616.271/0001-39
A5: CRONOGRAMA FÍSICO-FINANCEIRO
A6: ='[1]Planilha à executar'!$A$6:$E$6 -> PREFEITURA: Prefeitura Municipal de Orizânia/MG | D6: ='Planilha Orçamentaria'!A5:D5 -> 0 | I6: DATA: 07/04/2023
A7: ='Planilha Orçamentaria'!A4:E4 -> SERVIÇO: Fornecimento e aplicação de concreto usinado. | I7: PRAZO DA OBRA: 03 meses
A8: ITEM | B8: CÓDIGO | C8: ETAPAS/DESCRIÇÃO | D8: FÍSICO/ FINANCEIRO | E8: TOTAL ETAPAS | F8: MÊS 1 | G8: MÊS 2 | H8: MÊS 3 | I8: MÊS 4 | J8: MÊS 5 | K8: MÊS 6
A9: ='[2]Planilha à executar'!A13 -> 1 | D9: Físico % | E9: =E10/E32 -> #REF! | G9: 1
D10: Financeiro | E10: ='Planilha Orçamentaria'!I11 -> 1570642.5 | G10: =G9*$E$10 -> 1570642.5
A11: 2 | C11: ='Planilha Orçamentaria'!#REF! -> #REF! | D11: Físico % | E11: =E12/E32 -> #REF! | H11: 1
D12: Financeiro | E12: ='Planilha Orçamentaria'!#REF! -> #REF! | H12: =H11*$E$12 -> #REF!
A13: 3 | C13: ='Planilha Orçamentaria'!#REF! -> #REF! | D13: Físico % | E13: =E31-E11-E9 -> #REF! | F13: 1
D14: Financeiro | E14: ='Planilha Orçamentaria'!#REF! -> #REF! | F14: =F13*$E$14 -> #REF!
D15: Físico %
D16: Financeiro | F16: =F15*$E$14 -> #REF! | G16: =G15*$E$14 -> #REF! | H16: =H15*$E$14 -> #REF!
D17: Físico %
D18: Financeiro | F18: =F17*$E$18 -> 0 | G18: =G17*$E$18 -> 0 | H18: =H17*$E$18 -> 0
D19: Físico %
D20: Financeiro | F20: =F19*$E$20 -> 0 | G20: =G19*$E$20 -> 0 | H20: =H19*$E$20 -> 0
D21: Físico %
D22: Financeiro | F22: =F21*$E$22 -> 0 | G22: =G21*$E$22 -> 0 | H22: =H21*$E$22 -> 0
D23: Físico %
D24: Financeiro | F24: =F23*$E$24 -> 0 | G24: =G23*$E$24 -> 0 | H24: =H23*$E$24 -> 0
D25: Físico %
D26: Financeiro | F26: =F25*$E$26 -> 0 | G26: =G25*$E$26 -> 0 | H26: =H25*$E$26 -> 0
D27: Físico %
D28: Financeiro | F28: =F27*$E$28 -> 0 | G28: =G27*$E$28 -> 0 | H28: =H27*$E$28 -> 0
D29: Físico %
D30: Financeiro | F30: =F29*$E$30 -> 0 | G30: =G29*$E$30 -> 0 | H30: =H29*$E$30 -> 0
A31: TOTAL | D31: Físico % | E31: 1 | F31: =E13 -> #REF! | G31: =G32/E32 -> #REF! | H31: =E11 -> #REF!
D32: Financeiro | E32: =E14+E12+E10 -> #REF! | F32: =F14 -> #REF! | G32: =G10 -> 1570642.5 | H32: =H12 -> #REF!
E35: ='[1]Planilha à executar'!E35:F35 -> CREA MG 212.406/D | H35: Observações:
B36: ='[1]Planilha à executar'!C36 -> Geovane Cardoso Oliveira- Engenheiro Civil | E36: CREA
B39: ='[1]Planilha à executar'!C40 -> Jonia Leite Filho- Prefeito Municipal
